 Dungeon Crawl Stone Soup version 0.22.1-1-ga44c0e56f4 (webtiles) character file.

1440382 Debik the Petrodigitator (level 27, -4/199 HPs)
             Began as a Gargoyle Earth Elementalist on Oct 1, 2018.
             Was the Champion of Vehumet.
             Killed by divine providence
             ... invoked by a mummy priest
              (14 damage)
             ... on level 17 of a ziggurat on Oct 6, 2018.
             The game lasted 07:41:07 (86156 turns).

Debik the Petrodigitator (GrEE)                    Turns: 86156, Time: 07:41:07

Health: -4/199     AC: 41    Str: 17    XL:     27
Magic:  79/79      EV: 18    Int: 49    God:    Vehumet [******]
Gold:   7523       SH: 12    Dex:  5    Spells: 0/80 levels left

rFire    + + +     SeeInvis +   G - staff of power
rCold    + + +     Gourm    .   c - +3 buckler {rC+}
rNeg     + + .     Faith    .   E - +2 robe {Archmagi}
rPois    ∞         Spirit   .   a - +3 hat of Pondering {ponderous, MR+ MP+10 Int+5}
rElec    +         Reflect  .   U - -1 cloak of the Hall of Blades {rF+ MR+ Int+4}
rCorr    .         Harm     .   X - +2 pair of gloves "Gutsi" {rC++}
MR       +++++                  T - +2 pair of boots of Pandemonium {Int+3}
Stlth    +++++++++.             W - amulet "Agrethrint" {RegenMP rC++ Int+2 Dex-5 SInv}
HPRegen  1.83/turn              P - ring of Ybroot {Fire rN+ MR+ Str+2}
MPRegen  0.71/turn              y - ring "Tanuibom" {Fire Int+7}

@: flying, very slightly contaminated, regenerating, slowed, studying Throwing,
invisible, very slow
A: big wings, slimy green scales 2, blink, clever 1, negative energy resistance
1, regeneration 1, electricity resistance, unbreathing, petrification
resistance, rot immunity, MP-powered wands, AC +20
}: 5/15 runes: serpentine, barnacled, slimy, silver, golden
a: Stop Flying, Blink, Renounce Religion


You were on level 17 of a ziggurat.
You worshipped Vehumet.
Vehumet was exalted by your worship.
You were completely stuffed.

You visited 12 branches of the dungeon, and saw 56 of its levels.
You visited 1 bazaar.
You visited 5 ziggurats (completing 3), and saw 124 of their levels.

You collected 16290 gold pieces.
You spent 8767 gold pieces at shops.

Inventory:

Hand Weapons
 N - a +9 longbow of flaming
Missiles
 b - 2105 stones (quivered)
 j - 26 throwing nets
 M - 3123 arrows
Armour
 a - the +3 hat of Pondering (worn) {ponderous, MR+ MP+10 Int+5}
   (You found it on level 19 of a ziggurat)

   It affects your intelligence (+5).
   It affects your resistance to hostile enchantments.
   It affects your magic capacity (+10).
 c - a +3 buckler of cold resistance (worn)
 E - a +2 robe of the Archmagi (worn)
 F - the -2 hat of the Alchemist {rElec rPois rF+ rC+ rN+ MR+ rMut rCorr}
   (You found it on level 14 of a ziggurat)

   It protects you from fire.
   It protects you from cold.
   It insulates you from electricity.
   It protects you from poison.
   It protects you from negative energy.
   It affects your resistance to hostile enchantments.
   It provides partial protection from all sources of acid and corrosion.
   It protects you from mutation.
 T - the +2 pair of boots of Pandemonium (worn) {Int+3}
   (You bought it in a shop in a bazaar)

   It affects your intelligence (+3).
 U - the -1 cloak of the Hall of Blades (worn) {rF+ MR+ Int+4}
   (You found it on level 3 of the Elven Halls)

   It affects your intelligence (+4).
   It protects you from fire.
   It affects your resistance to hostile enchantments.
 X - the +2 pair of gloves "Gutsi" (worn) {rC++}
   (You found it on level 22 of a ziggurat)

   It greatly protects you from cold.
Magical Staves
 G - an uncursed staff of power (weapon)
 Y - an uncursed staff of earth
Jewellery
 g - the amulet of Vitality {Regen+ HP+15}
   (You found it on level 10 of a ziggurat)

   [amulet of regeneration]

   It affects your health (+15).
   It increases your rate of regeneration.
 t - the amulet of the Four Winds {rN+ MR+++ Clar}
   (You found it on level 26 of a ziggurat)

   [amulet of nothing]

   It protects you from negative energy.
   It affects your resistance to hostile enchantments.
   It protects you against confusion.
 y - the ring "Tanuibom" (right hand) {Fire Int+7}
   (You found it on level 16 of a ziggurat)

   [ring of fire]

   It enhances your fire magic.
   It affects your intelligence (+7).
   It protects you from fire.
   It makes you vulnerable to cold.
 P - the ring of Ybroot (left hand) {Fire rN+ MR+ Str+2}
   (You took it off a deep elf death mage on level 3 of the Crypt)

   [ring of fire]

   It enhances your fire magic.
   It affects your strength (+2).
   It protects you from fire.
   It makes you vulnerable to cold.
   It protects you from negative energy.
   It affects your resistance to hostile enchantments.
 W - the amulet "Agrethrint" (around neck) {RegenMP rC++ Int+2 Dex-5 SInv}
   (You took it off a deep elf master archer on level 3 of the Elven Halls)

   [amulet of magic regeneration]

   It increases your magic regeneration.
   It affects your intelligence (+2).
   It affects your dexterity (-5).
   It greatly protects you from cold.
   It lets you see invisible.
 Z - the ring "Sydwaum" {Fire +Blink}
   (You found it on level 17 of a ziggurat)

   [ring of fire]

   It enhances your fire magic.
   It protects you from fire.
   It makes you vulnerable to cold.
   It lets you blink.
Wands
 e - a wand of iceblast (68)
 h - a wand of scattershot (18)
 D - a wand of clouds (6)
Scrolls
 i - 16 scrolls of blinking
 k - 6 scrolls of identify
 n - 61 scrolls of fog
 p - 94 scrolls of teleportation
 q - 14 scrolls of fear
 r - 43 scrolls of amnesia
 C - 11 scrolls of summoning
 I - 64 scrolls of remove curse
 Q - 36 scrolls of magic mapping
Potions
 m - 33 potions of curing
 o - 8 potions of brilliance
 s - 9 potions of mutation
 w - 16 potions of lignification
 x - 13 potions of resistance
 z - 3 potions of cancellation
 B - 10 potions of agility
 H - 17 potions of heal wounds
 J - 2 potions of magic
 K - 19 potions of haste
 O - 10 potions of ambrosia
Books
 u - a manual of Throwing
 A - a manual of Throwing
Miscellaneous
 l - 35 phantom mirrors
 v - a fan of gales
 S - a lamp of fire
Comestibles
 d - 76 rations


   Skills:
 O Level 27 Fighting
   Level 0.8 Short Blades
   Level 3.4(11.1) Polearms
 + Level 16.9(17.0) Staves
 * Level 21.4 Bows
 * Level 16.2 Throwing
 * Level 21.8 Armour
 * Level 22.6 Dodging
 + Level 26.1 Stealth
 * Level 24.3 Shields
 - Level 0.1 Unarmed Combat
 O Level 27 Spellcasting
 O Level 27 Conjurations
 + Level 12.9 Hexes
 + Level 22.7 Charms
 + Level 20.6 Necromancy
 + Level 19.4 Translocations
 + Level 12.7 Transmutations
 O Level 27 Fire Magic
 + Level 19.7 Ice Magic
 * Level 23.9 Air Magic
 O Level 27 Earth Magic
 + Level 16.6 Evocations


You couldn't memorise any spells.
You knew the following spells:

 Your Spells              Type           Power        Failure   Level  Hunger
a - Sandblast             Erth           ######       0%          1    None
b - Swiftness             Chrm/Air       ########     0%          2    None
c - Borgnjor's Vile Clut  Necr/Erth      #########.   0%          5    None
e - Stone Arrow           Conj/Erth      ######       0%          3    None
f - Fire Storm            Conj/Fire      ##########   1%          9    None
h - Portal Projectile     Hex/Tloc       ######       0%          3    None
i - Deflect Missiles      Chrm/Air       #########.   0%          6    None
n - Death's Door          Chrm/Necr      #########.   1%          8    None
q - Regeneration          Chrm/Necr      #########.   0%          3    None
r - Lehudib's Crystal Sp  Conj/Erth      #########.   0%          8    None
s - Shatter               Erth           #########.   1%          9    None
t - Tornado               Air            #########.   1%          9    None
x - Glaciate              Conj/Ice       #########.   1%          9    None
z - Irradiate             Conj/Tmut      #########.   0%          5    None

Your spell library contained the following spells:

 Spells                   Type           Power        Failure   Level  Hunger
 Ignition                 Fire           ##########   0%          8    None
 Chain Lightning          Conj/Air       #########.   1%          8    None
 Animate Skeleton         Necr           N/A          0%          1    None
 Apportation              Tloc           ######       0%          1    None
 Beastly Appendage        Tmut           ######       0%          1    None
 Confusing Touch          Hex            ######       0%          1    None
 Corona                   Hex            #######      0%          1    None
 Flame Tongue             Conj/Fire      #####        0%          1    None
 Freeze                   Ice            ####         0%          1    None
 Infusion                 Chrm           ####         0%          1    None
 Magic Dart               Conj           ####         0%          1    None
 Pain                     Necr           ####         0%          1    None
 Shock                    Conj/Air       ####         0%          1    None
 Sting                    Conj/Pois      ####         0%          1    None
 Blink                    Tloc           N/A          0%          2    None
 Corpse Rot               Necr           N/A          0%          2    None
 Ensorcelled Hibernation  Hex/Ice        ######       0%          2    None
 Passwall                 Tmut/Erth      ########     0%          2    None
 Poisonous Vapours        Pois/Air       ######       0%          2    None
 Searing Ray              Conj           ######       0%          2    None
 Shroud of Golubria       Chrm/Tloc      #########.   0%          2    None
 Slow                     Hex            ########     0%          2    None
 Song of Slaying          Chrm           ########     0%          2    None
 Sticks to Snakes         Tmut           ########     0%          2    None
 Throw Flame              Conj/Fire      ######       0%          2    None
 Throw Frost              Conj/Ice       ######       0%          2    None
 Confuse                  Hex            ########     0%          3    None
 Conjure Flame            Conj/Fire      ########     0%          3    None
 Dazzling Spray           Conj/Hex       ######       0%          3    None
 Gell's Gravitas          Tloc           #########.   0%          3    None
 Ignite Poison            Fire/Tmut/Pois ########     0%          3    None
 Inner Flame              Hex/Fire       ########     0%          3    None
 Lesser Beckoning         Tloc           #########.   0%          3    None
 Mephitic Cloud           Conj/Pois/Air  ########     0%          3    None
 Ozocubu's Armour         Chrm/Ice       ########     0%          3    None
 Recall                   Summ/Tloc      N/A          0%          3    None
 Spectral Weapon          Hex/Chrm       ########     0%          3    None
 Static Discharge         Conj/Air       ########     0%          3    None
 Teleport Other           Tloc           ########     0%          3    None
 Tukima's Dance           Hex            ########     0%          3    None
 Vampiric Draining        Necr           #########.   0%          3    None
 Airstrike                Air            #########.   0%          4    None
 Animate Dead             Necr           N/A          0%          4    None
 Cause Fear               Hex            ########..   0%          4    None
 Force Lance              Conj/Tloc      ########     0%          4    None
 Fulminant Prism          Conj/Hex       #########.   0%          4    None
 Ice Form                 Ice/Tmut       ########     0%          4    None
 Iskenderun's Mystic Bla  Conj           ########     0%          4    None
 Leda's Liquefaction      Hex/Erth       #########.   0%          4    None
 Passage of Golubria      Tloc           N/A          0%          4    None
 Petrify                  Tmut/Erth      ########     0%          4    None
 Sticky Flame             Conj/Fire      ########     0%          4    None
 Summon Lightning Spire   Summ/Air       ########     0%          4    None
 Throw Icicle             Conj/Ice       ########     0%          4    None
 Agony                    Necr           ########     0%          5    None
 Bolt of Draining         Conj/Necr      #########.   0%          5    None
 Bolt of Magma            Conj/Fire/Erth ##########   0%          5    None
 Dispel Undead            Necr           ########     0%          5    None
 Excruciating Wounds      Chrm/Necr      #########.   0%          5    None
 Fireball                 Conj/Fire      ##########   0%          5    None
 Iskenderun's Battlesphe  Conj/Chrm      ########     0%          5    None
 Lee's Rapid Deconstruct  Erth           #########.   0%          5    None
 Lightning Bolt           Conj/Air       #########.   0%          5    None
 Metabolic Englaciation   Hex/Ice        ########..   0%          5    None
 Silence                  Hex/Air        #########.   0%          5    None
 Venom Bolt               Conj/Pois      ########..   0%          5    None
 Bolt of Cold             Conj/Ice       #########.   0%          6    None
 Bolt of Fire             Conj/Fire      ##########   0%          6    None
 Conjure Ball Lightning   Conj/Air       #########.   0%          6    None
 Death Channel            Necr           #########.   0%          6    None
 Dispersal                Tloc           #########.   0%          6    None
 Freezing Cloud           Conj/Ice/Air   #########.   0%          6    None
 Iron Shot                Conj/Erth      #########.   0%          6    None
 Ozocubu's Refrigeration  Ice            #########.   0%          6    None
 Simulacrum               Ice/Necr       #########.   0%          6    None
 Orb of Destruction       Conj           #########.   0%          7    None
 Ring of Flames           Chrm/Fire      ##########   0%          7    None
 Summon Butterflies       Summ           #######.     1%          1    None
 Summon Small Mammal      Summ           ####         1%          1    None
 Call Imp                 Summ           #######.     1%          2    None
 Call Canine Familiar     Summ           #######.     1%          3    None
 Spider Form              Tmut/Pois      ########..   1%          3    None
 Summon Guardian Golem    Hex/Summ       ########     1%          3    None
 Olgreb's Toxic Radiance  Pois           #######.     1%          4    None
 Summon Ice Beast         Ice/Summ       ########     1%          4    None
 Alistair's Intoxication  Tmut/Pois      ########     1%          5    None
 Blade Hands              Tmut           ########..   1%          5    None
 Summon Forest            Summ/Tloc      ########..   1%          5    None
 Summon Mana Viper        Hex/Summ       ########     1%          5    None
 Yara's Violent Unravell  Hex/Tmut       ########..   1%          5    None
 Darkness                 Hex            ########..   1%          6    None
 Hydra Form               Tmut           ########..   1%          6    None
 Invisibility             Hex            ########     1%          6    None
 Poison Arrow             Conj/Pois      ########..   1%          6    None
 Dragon Form              Tmut           ########..   1%          7    None
 Haunt                    Necr/Summ      ########..   1%          7    None
 Spellforged Servitor     Conj/Summ      ########..   1%          7    None
 Borgnjor's Revivificati  Necr           #########.   1%          8    None
 Controlled Blink         Tloc           N/A          1%          8    None
 Disjunction              Tloc           #########.   1%          8    None
 Infestation              Necr           #########.   1%          8    None
 Necromutation            Tmut/Necr      ########..   1%          8    None
 Malign Gateway           Summ/Tloc      ########..   2%          7    None
 Aura of Abjuration       Summ           #######...   4%          5    None
 Summon Demon             Summ           #######...   4%          5    None
 Discord                  Hex            ########..   5%          8    None
 Shadow Creatures         Summ           N/A          26%         6    None
 Monstrous Menagerie      Summ           #######...   80%         7    None
 Summon Greater Demon     Summ           #######...   80%         7    None
 Summon Hydra             Summ           #######...   80%         7    None
 Summon Horrible Things   Summ           #######...   100%        8    None
 Dragon's Call            Summ           #######...   100%        9    None
 Sublimation of Blood     Necr           Unusable     N/A         2    N/A
 Statue Form              Tmut/Erth      Unusable     N/A         6    N/A

Dungeon Overview and Level Annotations

Branches:
Dungeon (15/15)            Temple (1/1) D:7            Lair (6/6) D:8
 Shoals (4/4) Lair:2        Snake (4/4) Lair:4        Slime (5/5) Lair:5
    Orc (2/2) D:12            Elf (3/3) Orc:2        Vaults (5/5) D:14
  Crypt (3/3) Vaults:3       Tomb (3/3) Crypt:3      Depths (5/5) D:15
    Zot (0/5) Depths:5

Altars:
Ashenzari
Cheibriados
Fedhas
Gozag
Hepliaklqana
Kikubaaqudgha
Makhleb
Nemelex Xobeh
Okawaru
Qazlal
Uskayaw
Vehumet
Xom
Yredelemnul
The Shining One
Beogh
Jiyva

Shops:
D:13 =   Orc:2 *=*[(?   Shoals:2 :   Shoals:4 =   Snake:2 *   Snake:3 [
Depths:1 :?   Depths:3 (   Depths:5 [::*

Portals:
Hell: Depths:1 Depths:2 Depths:3 Depths:4 Depths:5
Abyss: Depths:1 Depths:3 Depths:4
Pandemonium: Depths:1 Depths:3
Trove: Vaults:1 (give 8 potions of agility)

Annotations:
Elf:3 VeryBadPlayer's ghost, adept DEWz


Innate Abilities, Weirdness & Mutations

You are resistant to torment.
Your stone body is resilient. (AC +20)
You are immune to poison.
Your large and strong wings let you fly indefinitely.
You resist negative energy. (rN+)
You are resistant to electric shocks. (rElec)
You can survive without breathing.
You are immune to petrification.
You are immune to rotting.
You are mostly covered in slimy green scales. (AC +3)
You can translocate small distances at will.
Your mind is acute. (Int +2)
Your natural rate of healing is unusually fast.
You expend magic power (3 MP) to strengthen your wands.


Message History

Something smites you!
* * * LOW HITPOINT WARNING * * *
The sixfirhy barely misses you. The sixfirhy closely misses you.
The greater mummy calls on the powers of darkness!
The mana viper convulses! x2; Your body is wracked with pain!
* * * LOW HITPOINT WARNING * * *
The bennu convulses! x2
The greater mummy calls on the powers of darkness!
The mana viper convulses! x2; Your body is wracked with pain!
* * * LOW HITPOINT WARNING * * *
The bennu convulses! x2
The greater mummy calls on the powers of darkness!
The bennu convulses! x2; Your body is wracked with pain!
* * * LOW HITPOINT WARNING * * *
The mana viper convulses! x2
The mummy priest mumbles some strange prayers to its god.
You block the mummy's attack.
The mummy priest calls down the wrath of its god upon you.
Something smites you!
You die...

..... ...M. . #▓
..... ..#s▓
...M..Z.M..MMz▓▓
.M...M..bMMZMM)▓▓
..M...Ms.b.MMbMZ▓▓


..M.†zMMMZMMMMM[M▓▓ .....WMM8WWZsMM3@}▓ ..SWM8MMZZMMsMMM∩▓▓ ..VMMMZMMMMMMMZ4▓▓
..M.MMMW8WMSMMM▓ .b...MWWMMSMZZ▓▓ .....SMnMVM#Z▓▓ #.....MM.W##▓▓ ....MMz.M.z▓
▓▓▓▓▓▓▓▓▓▓▓▓ You could see 7 greater mummies, 2 bennus, 4 mummy priests, a
shadow wraith (invisible), an orange demon, 2 mana vipers, 10 guardian mummies,
a sixfirhy, 3 hungry ghosts, a vampire, 3 death scarabs, a flying skull
(wandering), 13 mummies, a deep elf sorcerer zombie (wandering), a titan zombie
(wandering), 2 tengu reaver zombies, a juggernaut zombie (wandering), a deep elf
elementalist zombie (wandering), a shadow dragon skeleton (wandering), a storm
dragon skeleton (wandering) and a tengu reaver skeleton.

Vanquished Creatures
  52 pandemonium lords
  the Royal Jelly (Slime:5)
  35 ancient liches
  Mennas (Crypt:2)
  18 orbs of fire (Zig:22)
  9 juggernauts
  62 greater mummies
  The ghost of petercordia the Devastator, a veteran DgWz (Depths:4)
  14 shard shrikes
  27 Killer Klowns
  Saint Roka (Vaults:4)
  Frederick (Crypt:3)
  The ghost of iVAG the Warrior, an adept DrCj of Vehumet (Elf:3)
  Margery (Vaults:4)
  30 caustic shrikes
  46 golden dragons
  25 bone dragons
  4 profane servitors
  The ghost of Eralyen the Slayer, a veteran GrBe of Trog (Elf:3)
  13 Tzitzimimeh
  11 Brimstone Fiends
  9 iron giants
  22 Ice Fiends
  36 tentacled monstrosities
  8 Hell Sentinels
  19 hellephants
  8 quicksilver dragons
  86 acid blobs
  30 liches
  23 deep elf blademasters
  23 deep elf master archers
  5 krakens
  44 titans
  A quicksilver dragon (shapeshifter) (Zig:26)
  17 Executioners
  37 sphinxes
  3 sphinxes (shapeshifter)
  8 thorn hunters
  31 ancient champions
  Gastronok (Lair:2)
  3 shadow dragons (shapeshifter)
  15 shadow dragons
  11 storm dragons
  22 tengu reavers
  18 tentacled starspawn
  23 revenants
  14 draconian monks
  22 deep elf sorcerers
  Roxanne (Snake:2)
  107 nagarajas
  22 fire giants
  42 azure jellies
  39 draconian knights
  4 fire giants (shapeshifter)
  6 iron dragons
  38 vault wardens
  24 balrugs
  21 frost giants
  9 orc warlords
  71 ghost moths
  15 black suns
  A ghost moth (shapeshifter) (Vaults:5)
  An emperor scorpion (shapeshifter) (Zig:20)
  5 juggernaut zombies
  24 draconian scorchers
  13 warmongers
  14 draconian stormcallers
  52 emperor scorpions
  13 cacodemons
  7 ghouls
  15 curse skulls
  3 deep elf elementalists
  5 caustic shrike zombies
  19 reapers
  3 angels
  17 draconian shifters
  15 war gargoyles
  28 ironheart preservers
  4 juggernaut skeletons
  78 entropy weavers
  12 blood saints
  53 very ugly things
  6 caustic shrike skeletons
  An entropy weaver (shapeshifter) (Zig:20)
  32 draconian annihilators
  3 stone giants (shapeshifter)
  13 green draconians
  48 stone giants
  30 starcursed masses
  25 vampire knights
  21 corrupters
  14 purple draconians
  28 deep elf demonologists
  31 deep elf annihilators
  24 bennus
  16 black draconians
  39 dire elephants
  8 red draconians
  8 white draconians
  13 spark wasps
  13 lorocyprocas
  8 yellow draconians
  2 ettins (shapeshifter) (Zig:10)
  Azrael (Orc:2)
  40 green deaths
  19 blizzard demons
  30 ettins
  16 jiangshi
  22 merfolk impalers
  15 deep elf death magi
  20 eidola
  54 mummy priests
  42 yaktaur captains
  15 death oozes
  2 crystal guardians (Zig:16)
  25 fire dragons
  2 fire dragons (shapeshifter)
  A great orb of eyes (shapeshifter) (Zig:17)
  50 merfolk javelineers
  24 great orbs of eyes
  26 deep elf high priests
  26 naga warriors
  7 rakshasas
  7 spriggan air magi
  4 caustic shrike simulacra
  29 ice dragons
  9 hell beasts
  34 vault guards
  4 quicksilver dragon skeletons
  A monstrous demonspawn (Zig:10)
  76 hydras
  A hydra (shapeshifter) (Zig:11)
  An ice dragon (shapeshifter) (Vaults:1)
  3 anacondas (shapeshifter)
  4 ghost crabs
  26 anacondas
  11 catoblepae
  A juggernaut simulacrum (Zig:7)
  2 catoblepae (shapeshifter) (Zig:18)
  A satyr (shapeshifter) (Zig:11)
  An alligator snapping turtle (shapeshifter) (Zig:18)
  34 merfolk aquamancers
  10 death knights
  13 merfolk avatars
  A queen ant (shapeshifter) (Zig:20)
  18 centaur warriors
  47 two-headed ogres
  19 satyrs
  11 alligators
  8 death yaks
  57 dancing weapons
  A death yak (shapeshifter) (Zig:17)
  27 death scarabs
  10 alligator snapping turtles
  29 ogre magi
  15 thrashing horrors
  7 hell hogs
  13 deep troll shamans
  A two-headed ogre (shapeshifter) (Vaults:3)
  8 tengu warriors
  8 orc high priests
  8 deep troll earth magi
  45 deep elf knights
  21 vampire magi
  6 titan zombies
  2 iron golems (Zig:16)
  4 spriggan berserkers (Depths:5)
  45 naga sharpshooters
  11 soul eaters
  A storm dragon zombie (Zig:17)
  27 wretched stars
  33 shock serpents
  Nergalle (D:11)
  A sun demon (Zig:27)
  20 shadow wraiths
  Sonja (D:10)
  11 fire crabs
  10 iron trolls
  55 skeletal warriors
  2 sea snakes (shapeshifter)
  14 hell knights
  10 titan skeletons
  7 spatial maelstroms
  32 death drakes
  10 salamander mystics
  7 storm dragon skeletons
  7 sixfirhies
  2 iron trolls (shapeshifter) (Zig:26)
  A deep troll (shapeshifter) (Zig:26)
  4 death drakes (shapeshifter)
  11 glowing orange brains
  3 wizards
  11 golden dragon zombies
  4 glowing orange brains (shapeshifter)
  2 infernal demonspawn
  31 deep trolls
  2 unseen horrors (shapeshifter)
  6 unseen horrors
  18 phantasmal warriors
  6 shadow demons
  22 spriggan druids
  2 spark wasp zombies
  25 shambling mangroves
  3 tengu zombies
  18 naga ritualists
  38 swamp dragons
  28 flayed ghosts
  2 sphinx zombies
  A shadow dragon zombie (Zig:23)
  6 golden dragon skeletons
  3 anaconda skeletons (Crypt:3)
  35 deep elf archers
  5 lindwurms (shapeshifter)
  27 sea snakes
  An orange crystal statue (Zig:6)
  Pikel (D:8)
  2 swamp dragons (shapeshifter)
  38 fauns
  35 orc knights
  32 ironbrand convokers
  33 harpies
  17 necromancers
  5 lindwurms
  A shining eye (shapeshifter) (Zig:18)
  6 oklob plants
  128 deep elf magi
  An orb spider (shapeshifter) (Zig:27)
  6 fire giant zombies
  5 tengu skeletons
  28 mana vipers
  A stone giant zombie (Zig:6)
  A cyclops (shapeshifter) (Zig:16)
  24 orc sorcerers
  15 salamanders
  A wolf spider (shapeshifter) (Zig:17)
  30 cyclopes
  7 iron dragon zombies
  A manticore (shapeshifter) (Zig:17)
  A salamander (shapeshifter) (Vaults:2)
  88 orb spiders
  3 frost giant zombies
  33 shining eyes
  5 mana vipers (shapeshifter)
  26 moths of wrath
  37 manticores
  6 shadow dragon skeletons
  60 ugly things
  6 sphinx skeletons
  58 large abominations
  A faun (shapeshifter) (Zig:16)
  2 worldbinders
  An elephant (shapeshifter) (Zig:26)
  2 fire giant skeletons
  80 wolf spiders
  27 guardian serpents
  2 moths of wrath (shapeshifter)
  2 stone giant skeletons
  A spriggan zombie (Zig:22)
  11 elephants
  Joseph (D:8)
  5 frost giant skeletons
  28 merfolk sirens
  2 titan simulacra
  A torpor snail (shapeshifter) (Zig:20)
  A guardian serpent (shapeshifter) (Zig:10)
  12 eyes of devastation
  73 naga magi
  An eye of devastation (shapeshifter) (Depths:2)
  19 smoke demons
  4 iron dragon skeletons
  37 water nymphs
  7 gargoyles
  25 apocalypse crabs
  49 spiny frogs
  37 vault sentinels
  47 torpor snails
  15 rust devils
  112 black mambas
  6 orange demons
  A spiny frog (shapeshifter) (Zig:16)
  2 dire elephant skeletons
  A rime drake (shapeshifter) (Zig:20)
  A yellow draconian zombie (Crypt:1)
  20 komodo dragons
  17 hellions
  A centaur skeleton (D:15)
  A yaktaur (shapeshifter) (Zig:16)
  21 rime drakes
  A redback zombie (Crypt:2)
  3 kobold demonologists
  14 efreet
  6 spriggan skeletons
  41 demonic crawlers
  81 yaktaurs
  A komodo dragon (shapeshifter) (Zig:26)
  34 ice devils
  39 freezing wraiths
  8 hellwings
  19 ancient zymes
  A golden dragon simulacrum (Zig:27)
  7 red devils
  5 tengu conjurers
  21 tormentors
  16 elf skeletons
  A red draconian skeleton (Crypt:1)
  118 guardian mummies
  119 merfolk
  2 queen bees (shapeshifter)
  A catoblepas skeleton (Crypt:3)
  60 jumping spiders
  A queen bee (Lair:4)
  A green draconian skeleton (Crypt:1)
  73 hornets
  15 trolls
  17 polar bears
  5 meliai
  A sea snake skeleton (Crypt:3)
  A hornet (shapeshifter) (Depths:5)
  A tyrant leech (shapeshifter) (Zig:25)
  2 hydra zombies (Tomb:1)
  173 slime creatures
  2 jumping spiders (shapeshifter)
  A meliai (shapeshifter) (Zig:17)
  A queen ant zombie (Crypt:2)
  A tengu simulacrum (Zig:22)
  14 tyrant leeches
  A deep troll zombie (Zig:3)
  A wind drake (shapeshifter) (Zig:26)
  2 polar bears (shapeshifter)
  3 merfolk (shapeshifter)
  2 shadow dragon simulacra (Zig:27)
  10 wind drakes
  12 snapping turtles
  23 blink frogs
  27 dream sheep
  18 bog bodies
  3 sphinx simulacra
  A blink frog (shapeshifter) (Zig:25)
  16 raiju
  30 hippogriffs
  A snapping turtle (shapeshifter) (Zig:10)
  3 dream sheep (shapeshifter)
  A hippogriff (shapeshifter) (Zig:12)
  An ettin zombie (Tomb:3)
  7 air elementals
  2 fire giant simulacra
  A meliai zombie (D:13)
  58 flying skulls
  A spriggan (shapeshifter) (Zig:20)
  44 yaks
  2 ettin skeletons
  A fire dragon zombie (Zig:3)
  An ice dragon skeleton (Crypt:3)
  10 shadows
  A tarantella (shapeshifter) (Zig:25)
  2 redbacks (shapeshifter) (Zig:25)
  71 redbacks
  15 ynoxinuls
  A vampire (Zig:27)
  20 wraiths
  9 spriggans
  76 tarantellas
  7 wyverns
  46 ushabtiu
  2 basilisks (shapeshifter)
  A human (shapeshifter) (Depths:2)
  45 water elementals
  A yak (shapeshifter) (Vaults:5)
  A black mamba skeleton (Tomb:1)
  17 golden eyes
  14 neqoxecs
  20 fire elementals
  3 fire bats
  7 basilisks
  18 chaos spawn
  A human simulacrum (Vaults:2)
  11 vampire mosquitoes
  2 elf simulacra
  4 hungry ghosts
  Grum (D:8)
  5 steam dragons
  A swamp worm (shapeshifter) (Zig:17)
  2 insubstantial wisps
  15 wargs
  A monstrous demonspawn zombie (Crypt:3)
  4 swamp worms (Depths:3)
  A water moccasin (shapeshifter) (D:13)
  A gelid demonspawn zombie (Crypt:3)
  70 nagas
  An acid dragon (D:14)
  31 hell hounds
  54 water moccasins
  A faun skeleton (Crypt:2)
  3 human skeletons
  16 swamp drakes
  4 floating eyes
  64 orc warriors
  10 porcupines
  12 black bears
  An ettin simulacrum (Depths:1)
  10 ice beasts
  28 eyes of draining
  3 phantoms
  5 sky beasts
  3 spriggan simulacra
  8 necrophages
  25 boggarts
  65 ogres
  32 wolves
  19 centaurs
  2 snapping turtle skeletons (Crypt:3)
  70 crocodiles
  2 big kobolds
  A gnoll sergeant (D:13)
  14 bullfrogs
  21 elf zombies
  A glowing shapeshifter simulacrum (Zig:22)
  25 small abominations
  23 earth elementals
  9 scorpions
  A water moccasin skeleton (D:6)
  A warg skeleton (Crypt:1)
  29 killer bees (Lair:4)
  32 wights
  An electric eel (D:13)
  A yak skeleton (Crypt:3)
  13 crimson imps
  A howler monkey (D:10)
  A lava snake (D:8)
  6 centaur zombies
  2 quasits
  2 bullfrog zombies
  26 orc priests
  14 hounds
  4 jellies
  6 bullfrog skeletons
  13 iron imps
  33 orc wizards
  A gnoll shaman (D:4)
  A hell rat (Zig:20)
  2 iguanas
  Ijyb (D:5)
  A lightning spire (Zig:10)
  9 worker ants
  A hound zombie (D:7)
  128 mummies
  2 worker ant zombies
  8 gnolls
  A scorpion zombie (Crypt:2)
  7 adders
  8 shadow imps
  19 white imps
  2 ufetubi (Depths:1)
  An ooze (D:4)
  2 adder skeletons
  An iguana skeleton (Crypt:2)
  A lava snake skeleton (Crypt:1)
  2 worms
  2 dart slugs
  7 leopard geckos
  112 orcs
  8 bats
  A bat skeleton (Crypt:2)
  4 giant cockroaches
  5 goblins
  4 hobgoblins
  8 jackals (D:6)
  2 quokkas
  A ball python skeleton (D:5)
  4 frilled lizards
  2 jackal skeletons (Crypt:1)
  A jackal zombie (Crypt:1)
  19 kobolds
  A leopard gecko skeleton (Crypt:2)
  A quokka skeleton (Crypt:1)
  A quokka zombie (D:5)
  3 rats
  A block of ice (Zig:26)
  33 briar patches
  8 bushes (Zig:24)
  242 fire vortices
  3 fungi
  90 plants
  2 starspawn tentacles
  17 tentacles
8385 creatures vanquished.

Vanquished Creatures (collateral kills)
  A shard shrike (Zig:27)
  A Killer Klown (Zig:20)
  A pandemonium lord (Zig:20)
  A golden dragon (Zig:26)
  A tentacled monstrosity (Zig:12)
  4 acid blobs
  A sphinx (shapeshifter) (Zig:20)
  A fire giant (shapeshifter) (Zig:20)
  An azure jelly (Zig:11)
  A corrupter (Zig:18)
  An iron dragon (Zig:16)
  An entropy weaver (Zig:27)
  A lorocyproca (Zig:17)
  A starcursed mass (Zig:17)
  A death scarab (Tomb:2)
  A death yak (shapeshifter) (Zig:1)
  A hell hog (Zig:14)
  A storm dragon zombie (Zig:15)
  A wretched star (Zig:17)
  A titan skeleton (Zig:14)
  A golden dragon skeleton (Zig:14)
  A shambling mangrove (Zig:12)
  A tengu zombie (Zig:13)
  2 orb spiders (Zig:27)
  A shadow dragon skeleton (Zig:17)
  A large abomination (Zig:17)
  A fire giant skeleton (Zig:15)
  An eye of devastation (Zig:19)
  A hellwing (Zig:19)
  A hornet (Zig:19)
  2 slime creatures
  A blink frog (Zig:17)
  3 redbacks
  2 tarantellas
  An ushabti (Tomb:3)
  3 golden eyes
  3 hell hounds (Lair:6)
  2 ice beasts
  2 wolves (Lair:6)
  13 mummies
66 creatures vanquished.

Vanquished Creatures (others)
  A Killer Klown (Zig:26)
  A draconian monk (Zig:25)
  A black draconian (Zig:21)
  9 death scarabs
  A wretched star (Zig:27)
  2 skeletal warriors (Tomb:2)
  A swamp dragon (Zig:15)
  An apocalypse crab (Zig:26)
  A centaur skeleton (D:13)
  A merfolk (Shoals:4)
  A wind drake (shapeshifter) (D:13)
  A slime creature (Zig:15)
  A fire dragon zombie (Tomb:2)
  A flying skull (Tomb:3)
  A vampire mosquito (Zig:15)
  2 slaves (D:8)
  2 electric eels (D:12)
  A bullfrog skeleton (D:8)
  A worker ant (D:12)
  3 mummies (Tomb:2)
  An orc (D:8)
  27 blocks of ice (Zig:22)
  3 bushes (D:8)
  1208 fire vortices
  16 fungi
  55 plants
  6 starspawn tentacles
  26 tentacles
  4 withered plants (Elf:3)
1379 creatures vanquished.

Grand Total: 9830 creatures vanquished

Notes
Turn   | Place    | Note
-------+----------+-------------------------------------------
     0 | D:1      | Debik the Gargoyle Earth Elementalist began the quest for
                  | the Orb.
     0 | D:1      | Reached XP level 1. HP: 10/10 MP: 3/3
   175 | D:1      | Reached XP level 2. HP: 15/15 MP: 0/5
   572 | D:2      | Found a blossoming altar of Fedhas.
   663 | D:2      | Reached XP level 3. HP: 15/19 MP: 3/6
   668 | D:2      | Learned a level 3 spell: Stone Arrow
   771 | D:2      | Found a basalt altar of Yredelemnul.
  1146 | D:3      | Reached XP level 4. HP: 24/24 MP: 1/8
  1366 | D:3      | Reached skill level 5 in Earth Magic
  1385 | D:3      | Reached XP level 5. HP: 14/28 MP: 1/10
  1932 | D:4      | Reached XP level 6. HP: 32/32 MP: 8/12
  1939 | D:4      | Learned a level 5 spell: Lee's Rapid Deconstruction
  2078 | D:4      | Noticed an air elemental
  2080 | D:4      | Found a stormy altar of Qazlal.
  2081 | D:4      | Noticed a water elemental
  2081 | D:4      | Noticed a fire elemental
  2465 | D:4      | Reached XP level 7. HP: 14/37 MP: 1/14
  2949 | D:5      | Entered Level 5 of the Dungeon
  2966 | D:5      | Found a shimmering altar of Xom.
  3044 | D:5      | Reached skill level 5 in Spellcasting
  3162 | D:5      | Found an opulent altar of Gozag.
  3163 | D:5      | Found a hazy altar of Hepliaklqana.
  3163 | D:5      | Found a glowing golden altar of the Shining One.
  3164 | D:5      | Found a sparkling altar of Nemelex Xobeh.
  3419 | D:5      | Noticed Ijyb
  3426 | D:5      | Killed Ijyb
  3809 | D:6      | Reached XP level 8. HP: 42/42 MP: 5/16
  4598 | D:6      | Reached XP level 9. HP: 46/46 MP: 11/19
  4812 | D:7      | Reached skill level 10 in Earth Magic
  5444 | D:7      | Found a staircase to the Ecumenical Temple.
  5479 | Temple   | Entered the Ecumenical Temple
  5495 | Temple   | Became a worshipper of Vehumet
  5864 | D:8      | Noticed a two-headed ogre
  5867 | D:8      | Killed a two-headed ogre
  5867 | D:8      | Reached skill level 1 in Fighting
  5867 | D:8      | Reached XP level 10. HP: 52/52 MP: 7/22
  6089 | D:8      | Got a twisted spear {flame}
  6183 | D:8      | Identified the +11 spear of Vaikal {flame, *Slow +Inv Str+4
                  | Int+8} (You took it off an orc on level 8 of the Dungeon)
  6310 | D:8      | Noticed Pikel
  6318 | D:8      | Killed Pikel
  6532 | D:8      | Found a staircase to the Lair.
  6566 | D:8      | Reached * piety under Vehumet
  6566 | D:8      | Offered knowledge of Shock by Vehumet.
  7152 | D:8      | Reached skill level 1 in Polearms
  7560 | D:8      | Noticed Grum
  7561 | D:8      | Killed Grum
  7562 | D:8      | Reached skill level 10 in Spellcasting
  7624 | D:8      | Found a shattered altar of Ashenzari.
  7722 | D:9      | Noticed Joseph
  7727 | D:8      | Killed Joseph
  7727 | D:8      | Reached XP level 11. HP: 54/60 MP: 14/25
  8408 | Lair:1   | Entered Level 1 of the Lair of Beasts
  8638 | Lair:1   | Reached ** piety under Vehumet
  8638 | Lair:1   | Offered knowledge of Magic Dart by Vehumet.
  9131 | Lair:2   | Noticed Gastronok
  9261 | Lair:2   | Reached skill level 1 in Armour
  9265 | Lair:2   | Reached skill level 5 in Fighting
  9617 | Lair:2   | Found a staircase to the Shoals.
  9738 | Lair:2   | HP: 3/64 [Gastronok/the air (29)]
 10392 | Lair:2   | Killed Gastronok
 10592 | Lair:2   | Reached XP level 12. HP: 70/70 MP: 21/27
 10690 | Lair:3   | Noticed a death yak
 10690 | Lair:3   | Noticed a death yak
 10728 | Lair:3   | Noticed a death yak
 10732 | Lair:3   | Noticed a death yak
 10817 | Lair:2   | Killed a death yak
 10861 | Lair:2   | Killed a death yak
 11203 | Lair:2   | Killed a death yak
 11597 | Lair:2   | Killed a death yak
 11912 | Lair:3   | Offered knowledge of Ignite Poison by Vehumet.
 12457 | Lair:4   | Reached *** piety under Vehumet
 12582 | Lair:4   | Noticed an eight-headed hydra
 12589 | Lair:4   | Killed an eight-headed hydra
 12685 | Lair:4   | Noticed a four-headed hydra
 12688 | Lair:4   | Killed a four-headed hydra
 12800 | Lair:4   | Reached skill level 15 in Earth Magic
 12842 | Lair:4   | Noticed a five-headed hydra
 12855 | Lair:4   | Found a staircase to the Snake Pit.
 12861 | Lair:4   | Reached XP level 13. HP: 78/78 MP: 25/29
 12877 | Lair:4   | Offered knowledge of Fulminant Prism by Vehumet.
 13356 | Lair:4   | Reached **** piety under Vehumet
 13571 | Lair:4   | Offered knowledge of Bolt of Magma by Vehumet.
 15316 | Lair:5   | Found a viscous altar of Jiyva.
 15317 | Lair:5   | Found a staircase to the Slime Pits.
 15515 | Lair:6   | Entered Level 6 of the Lair of Beasts
 15524 | Lair:6   | Reached ***** piety under Vehumet
 15524 | Lair:6   | Offered knowledge of Airstrike by Vehumet.
 15811 | Lair:6   | Gained mutation: Your large and strong wings let you fly
                  | indefinitely. [Gargoyle growth]
 15811 | Lair:6   | Reached XP level 14. HP: 87/87 MP: 31/31
 16198 | Lair:6   | Reached skill level 10 in Fighting
 16908 | Lair:6   | Offered knowledge of Iskenderun's Mystic Blast by Vehumet.
 17392 | Lair:6   | Noticed a dire elephant
 18054 | D:10     | Entered Level 10 of the Dungeon
 18060 | D:10     | Noticed Sonja
 18066 | D:10     | Killed Sonja
 18863 | D:10     | Found an iron altar of Okawaru.
 19210 | D:11     | Identified the Handbook of Calling
 19324 | D:11     | Noticed Nergalle
 19329 | D:11     | Killed Nergalle
 19705 | D:11     | Learned a level 6 spell: Iron Shot
 21080 | D:12     | Found a staircase to the Orcish Mines.
 21446 | Orc:1    | Entered Level 1 of the Orcish Mines
 21503 | Orc:1    | Offered knowledge of Ozocubu's Refrigeration by Vehumet.
 21758 | Orc:1    | Noticed an orc warlord
 22387 | Lair:6   | Learned a level 5 spell: Bolt of Magma
 22482 | Lair:6   | Killed a dire elephant
 22810 | Lair:6   | Reached XP level 15. HP: 95/95 MP: 7/33
 23837 | D:13     | Found Tuts's Jewellery Shop.
 23845 | D:13     | Bought the ring "Taufaita" {rPois rF+ Int+4} for 446 gold
                  | pieces
 24474 | D:13     | Learned a level 5 spell: Borgnjor's Vile Clutch
 24767 | D:13     | Learned a level 5 spell: Irradiate
 25109 | D:13     | Reached skill level 15 in Spellcasting
 25756 | Orc:1    | Killed an orc warlord
 26356 | Orc:2    | Entered Level 2 of the Orcish Mines
 26573 | Orc:2    | Found a staircase to the Elven Halls.
 26672 | Orc:2    | Found Zayrig's Assorted Antiques.
 26676 | Orc:2    | Paralysed by an orc sorcerer for 3 turns
 26681 | Orc:2    | Offered knowledge of Lightning Bolt by Vehumet.
 26857 | Orc:2    | Bought a potion of heal wounds for 135 gold pieces
 26857 | Orc:2    | Bought a potion of curing for 81 gold pieces
 26956 | Orc:2    | Noticed an orc warlord
 27219 | Orc:2    | Killed an orc warlord
 27219 | Orc:2    | Reached skill level 1 in Necromancy
 27341 | Orc:2    | Found a roughly hewn altar of Beogh.
 27346 | Orc:2    | Found Muedd's Antique Armour Shop.
 27394 | Orc:2    | Found Lodobo's Jewellery Shop.
 27413 | Orc:2    | Found Muhozis's General Store.
 27415 | Orc:2    | Found Veune's Antique Weapon Shop.
 27450 | Orc:2    | Bought a warped chain mail for 304 gold pieces
 27450 | Orc:2    | Identified the +1 chain mail "Qoych" {rElec Str+3 Dex+7
                  | Slay-5} (You bought it in a shop on level 2 of the Orcish
                  | Mines)
 27468 | Orc:2    | Bought a +5 ring of intelligence for 535 gold pieces
 27487 | Orc:2    | Bought a ration for 75 gold pieces
 27487 | Orc:2    | Bought a potion of brilliance for 60 gold pieces
 27570 | Orc:2    | Found Leleh's Magic Scroll Shop.
 27597 | Orc:2    | Noticed Azrael
 27600 | Orc:2    | Killed Azrael
 28395 | Shoals:1 | Entered Level 1 of the Shoals
 28427 | Shoals:1 | Reached skill level 1 in Fire Magic
 29225 | Shoals:1 | Reached XP level 16. HP: 103/103 MP: 25/35
 29372 | Shoals:1 | Reached skill level 5 in Conjurations
 29900 | Shoals:2 | Reached skill level 1 in Shields
 30608 | Shoals:2 | Found Moihedd's Book Shoppe.
 30887 | Orc:2    | Bought a scroll of acquirement for 832 gold pieces
 30887 | Orc:2    | Bought a scroll of teleportation for 48 gold pieces
 31674 | Shoals:3 | Offered knowledge of Bolt of Cold by Vehumet.
 32010 | Shoals:3 | Reached skill level 1 in Transmutations
 32417 | Shoals:3 | Noticed a kraken
 32423 | Shoals:3 | Killed a kraken
 32875 | Shoals:4 | Entered Level 4 of the Shoals
 33534 | Shoals:4 | Reached XP level 17. HP: 98/109 MP: 33/37
 33554 | Shoals:4 | Reached skill level 5 in Shields
 33960 | Shoals:4 | Identified Dukok's Handbook of Assistive Air
 33999 | Shoals:4 | Got a barnacled rune of Zot
 34075 | Shoals:4 | Found Ziloc's Jewellery Shoppe.
 34111 | Shoals:4 | Bought the amulet "Zimof" {Reflect rElec rF++ Str-2 Int+3
                  | SH+3} for 493 gold pieces
 34114 | Shoals:4 | Bought the ring of Uwer {MP+9 Str+6} for 396 gold pieces
 34247 | Shoals:4 | Offered knowledge of Poison Arrow by Vehumet.
 34487 | Shoals:4 | Got a glittering platinum ring
 34488 | Shoals:4 | Identified the ring "Idwac" {rElec Str+6} (You found it on
                  | level 4 of the Shoals)
 34640 | Shoals:4 | Noticed a kraken
 34910 | Shoals:4 | Noticed a kraken
 35088 | Shoals:4 | Killed a kraken
 35096 | Shoals:4 | Killed a kraken
 35249 | Shoals:4 | Noticed a kraken
 35257 | Shoals:4 | Killed a kraken
 35261 | Shoals:4 | Got a transparent rapier
 35262 | Shoals:4 | Identified the +11 rapier of Articulation {speed, rPois
                  | Dex+3 Stlth+} (You found it on level 4 of the Shoals)
 35310 | Shoals:4 | Noticed a kraken
 35316 | Shoals:4 | Killed a kraken
 35510 | Shoals:4 | Found the +3 giant club "Skullcrusher" {speed, Str+7}
 35840 | Snake:1  | Entered Level 1 of the Snake Pit
 36910 | Snake:1  | Learned a level 3 spell: Regeneration
 37390 | Snake:2  | Reached XP level 18. HP: 116/116 MP: 38/38
 37396 | Snake:2  | Noticed Roxanne
 37403 | Snake:2  | Killed Roxanne
 37419 | Snake:2  | Learned a level 9 spell: Shatter
 37622 | Snake:2  | Found Oreorelu's Assorted Antiques.
 37630 | Snake:2  | Bought 2 potions of brilliance for 280 gold pieces
 37630 | Snake:2  | Bought a dark potion for 31 gold pieces
 37680 | Snake:3  | Reached ****** piety under Vehumet
 37695 | Snake:3  | Found Numahee's Antique Armour Emporium.
 37705 | Snake:3  | Bought a runed helmet for 180 gold pieces
 39007 | Snake:3  | Offered knowledge of Poison Arrow by Vehumet.
 39116 | Snake:4  | Entered Level 4 of the Snake Pit
 39436 | Snake:4  | Got a jewelled spear
 39437 | Snake:4  | Identified the cursed +0 spear of Muimiesa {antimagic,
                  | rElec Str+4} (You found it on level 4 of the Snake Pit)
 40127 | Snake:4  | Reached skill level 15 in Fighting
 40251 | Snake:4  | Offered knowledge of Fire Storm by Vehumet.
 40251 | Snake:4  | Offered knowledge of Chain Lightning by Vehumet.
 40251 | Snake:4  | Offered knowledge of Ignition by Vehumet.
 40305 | Snake:4  | Reached XP level 19. HP: 107/124 MP: 24/40
 40719 | Snake:4  | Got a serpentine rune of Zot
 41213 | Elf:1    | Entered Level 1 of the Elven Halls
 41316 | Elf:1    | Reached skill level 5 in Stealth
 41852 | Elf:1    | Identified Ubbiv's Guide on Black Magic
 43129 | Elf:2    | Found a huge runed gate.
 43129 | Elf:2    | Found a huge runed gate.
 43129 | Elf:2    | Found a huge runed gate.
 43131 | Elf:2    | Found a huge runed gate.
 43131 | Elf:2    | Found a huge runed gate.
 43267 | Elf:2    | Reached XP level 20. HP: 118/131 MP: 42/42
 43429 | Elf:3    | Entered Level 3 of the Elven Halls
 43536 | Elf:3    | Got a faintly glowing cloak
 43537 | Elf:3    | Identified the cursed -1 cloak of the Hall of Blades {rF+
                  | MR+ Int+4} (You found it on level 3 of the Elven Halls)
 43823 | Elf:3    | Found a runed gate.
 43823 | Elf:3    | Found a runed gate.
 43824 | Elf:3    | Found a runed gate.
 43827 | Elf:3    | Noticed Eralyen's ghost (veteran GrBe)
 43830 | Elf:3    | Noticed VeryBadPlayer's ghost (adept DEWz)
 43830 | Elf:3    | Noticed iVAG's ghost (adept DrCj)
 44274 | Elf:3    | Reached skill level 5 in Fire Magic
 44301 | Elf:3    | Got a clouded jade ring
 44316 | Elf:3    | Got a heavy robe
 44355 | Elf:3    | Identified the Handbook of the Helpful Escort
 44369 | Elf:3    | Identified the Almanac of Rubbish
 44383 | Elf:3    | Identified the cursed +0 robe "Caec" {SInv} (You took it
                  | off a deep elf sorcerer on level 3 of the Elven Halls)
 44426 | Elf:3    | Got a faintly humming cloak
 44459 | Elf:3    | Got a transparent diamond amulet
 44524 | Elf:3    | Identified the amulet "Agrethrint" {RegenMP rC++ Int+2
                  | Dex-5 SInv} (You took it off a deep elf master archer on
                  | level 3 of the Elven Halls)
 44536 | Elf:3    | Identified the cursed +0 cloak of Eternal Night {*Contam
                  | MP-9 Str+7 Slay+5} (You found it on level 3 of the Elven
                  | Halls)
 44543 | Elf:3    | Identified the ring of a Thousand Beds {rElec rN+ MR+} (You
                  | took it off a deep elf master archer on level 3 of the
                  | Elven Halls)
 45036 | Snake:2  | Bought a scroll of remove curse for 105 gold pieces
 45036 | Snake:2  | Bought a scroll of remove curse for 105 gold pieces
 45896 | Elf:3    | Killed Eralyen's ghost
 46015 | Elf:3    | Killed iVAG's ghost
 46516 | Elf:3    | Got a slimy hat
 46540 | Elf:2    | Identified the +2 hat "Daut" {rCorr} (You found it on level
                  | 3 of the Elven Halls)
 46755 | D:14     | Found a gate to the Vaults.
 46999 | D:14     | Reached XP level 21. HP: 136/137 MP: 44/44
 47567 | D:15     | Entered Level 15 of the Dungeon
 47604 | D:15     | Learned a level 2 spell: Swiftness
 47608 | D:15     | Learned a level 3 spell: Portal Projectile
 47783 | D:15     | Found a staircase to the Depths.
 48599 | Vaults:1 | Entered Level 1 of the Vaults
 48602 | Vaults:1 | Reached skill level 10 in Conjurations
 48906 | Vaults:1 | Found a portal to a secret trove of treasure.
 48915 | Vaults:1 | Found a hide-covered altar of Uskayaw.
 49992 | Vaults:2 | Reached XP level 22. HP: 52/144 MP: 35/45
 50089 | Vaults:2 | Identified the +10 arbalest "Weppizem" {velocity, Fragile
                  | Str+5 Dex+8} (You found it on level 2 of the Vaults)
 51610 | Vaults:3 | Found a staircase to the Crypt.
 51610 | Vaults:3 | Found a basalt altar of Yredelemnul.
 51611 | Vaults:3 | Found an ancient bone altar of Kikubaaqudgha.
 52036 | Crypt:1  | Entered Level 1 of the Crypt
 52590 | Crypt:2  | Noticed Mennas
 52608 | Crypt:3  | Entered Level 3 of the Crypt
 52767 | Crypt:3  | Noticed Frederick
 52769 | Crypt:3  | Killed Frederick
 52774 | Crypt:3  | Reached XP level 23. HP: 104/150 MP: 13/47
 53238 | Crypt:2  | Killed Mennas
 53461 | Crypt:2  | Found a basalt altar of Yredelemnul.
 53877 | Crypt:3  | Found a staircase to the Tomb.
 54115 | Crypt:3  | Noticed an ancient lich
 54118 | Crypt:3  | Killed an ancient lich
 54136 | Crypt:3  | Got an ancient pewter ring
 54143 | Crypt:3  | Identified the ring "Litatugia" {*Drain +Inv rElec Str+3
                  | Dex+2} (You took it off a wight on level 3 of the Crypt)
 54202 | Crypt:3  | Got a pitted bone ring
 54267 | Crypt:3  | Got a fine bronze ring
 54376 | Crypt:3  | Found the +12 Vampire's Tooth {vamp}
 54758 | Crypt:3  | Identified the ring of Ybroot {Fire rN+ MR+ Str+2} (You
                  | took it off a deep elf death mage on level 3 of the Crypt)
 54759 | Crypt:3  | Identified the ring "Beg Juro" {+Fly Str+3 Int+4} (You
                  | found it on level 3 of the Crypt)
 55189 | Vaults:4 | Noticed Margery
 55193 | Vaults:4 | Killed Margery
 55207 | Vaults:4 | Noticed Saint Roka
 55211 | Vaults:4 | Killed Saint Roka
 55445 | Vaults:4 | Reached XP level 24. HP: 155/157 MP: 47/47
 56152 | Vaults:5 | Entered Level 5 of the Vaults
 56153 | Vaults:5 | Reached skill level 10 in Fire Magic
 56172 | Vaults:5 | Reached skill level 27 in Earth Magic
 56471 | Vaults:5 | Reached XP level 25. HP: 158/164 MP: 48/48
 56932 | Vaults:5 | Reached skill level 5 in Dodging
 57183 | Vaults:5 | Identified the +7 scimitar of Conscience {slice, MR+} (You
                  | took it off a yaktaur captain on level 5 of the Vaults)
 57252 | Vaults:5 | Identified the +10 hunting sling of Zaehaf {flame, *Drain
                  | +Inv Int+5} (You took it off an ironheart preserver on
                  | level 5 of the Vaults)
 57318 | Vaults:5 | Identified the Grimoire of the Undertaker
 57414 | Vaults:5 | Got a jewelled helmet
 57426 | Vaults:5 | Identified the +0 helmet "Efe Cor" {*Drain rPois Str+5}
                  | (You found it on level 5 of the Vaults)
 57461 | Vaults:5 | Found the +10 large shield of Ignorance {rN+ Int-4}
 57482 | Vaults:5 | Got a faintly glowing scale mail
 57504 | Vaults:5 | Identified the +3 scale mail of the Thunderstorm {MR-
                  | Dex+6} (You found it on level 5 of the Vaults)
 57624 | Vaults:5 | Got a silver rune of Zot
 57635 | Vaults:5 | Got an ancient halberd
 57854 | Vaults:5 | Got an ominously black robe
 57870 | Vaults:5 | Identified the +0 robe of Boz Kig {rPois MR+} (You found it
                  | on level 5 of the Vaults)
 57991 | Vaults:5 | Identified the Incunabulum of Earthen Ice
 58297 | Vaults:5 | Learned a level 9 spell: Fire Storm
 58504 | Depths:1 | Entered Level 1 of the Depths
 58505 | Depths:1 | Found a gateway to Hell.
 58667 | Depths:1 | Found a one-way gate leading to the halls of Pandemonium.
 58779 | Depths:1 | Found a one-way gate to the infinite horrors of the Abyss.
 58947 | Depths:1 | Found Arpheppy's Magic Scroll Boutique.
 58947 | Depths:1 | Found Muz Ydett's Book Shop.
 58964 | Depths:1 | Bought a scroll of blinking for 150 gold pieces
 59446 | Shoals:2 | Bought a book of Annihilations for 1876 gold pieces
 59455 | Shoals:2 | Learned a level 8 spell: Lehudib's Crystal Spear
 59797 | Depths:2 | Reached XP level 26. HP: 102/172 MP: 23/49
 61540 | Depths:3 | Reached skill level 15 in Conjurations
 61583 | Depths:3 | Found Fest's Antique Weapon Shop.
 62054 | Depths:4 | Identified the +6 scimitar "Exont" {vamp, Int+8} (You found
                  | it on level 4 of the Depths)
 62102 | Depths:4 | Reached XP level 27. HP: 178/178 MP: 50/50
 62308 | Depths:4 | Found a gateway to a ziggurat.
 62855 | Depths:4 | Found a runed door.
 62855 | Depths:4 | Noticed petercordia's ghost (veteran DgWz)
 63155 | Depths:4 | Killed petercordia's ghost
 63206 | Depths:5 | Entered Level 5 of the Depths
 63214 | Depths:5 | Found Liaview's Book Emporium.
 63596 | Depths:5 | Found Inyef's Book Shop.
 63600 | Depths:5 | Found a gateway to a bazaar.
 63609 | Bazaar   | Entered a bazaar
 63609 | Bazaar   | Found Toechurupp's Antique Armour Boutique.
 63614 | Bazaar   | Found Vecyif's Weapon Shop.
 63621 | Bazaar   | Found Kuchaate's Antique Armour Shop.
 63647 | Bazaar   | Found Ruwopec's Antique Armour Boutique.
 63658 | Bazaar   | Found Vugifie's Armour Boutique.
 63664 | Bazaar   | Bought the +2 pair of boots of Pandemonium {Int+3} for 333
                  | gold pieces
 63685 | Bazaar   | Bought a shiny buckler for 195 gold pieces
 63685 | Bazaar   | Bought a distressingly furry scale mail for 234 gold pieces
 63698 | Bazaar   | Bought an ichor-stained leather armour for 189 gold pieces
 63712 | Bazaar   | Bought a pair of glowing gloves for 187 gold pieces
 63712 | Bazaar   | Bought a translucent chain mail for 237 gold pieces
 63712 | Bazaar   | Bought a spiked chain mail for 237 gold pieces
 63712 | Bazaar   | Bought a brightly glowing leather armour for 175 gold
                  | pieces
 63764 | Bazaar   | Identified the cursed +0 leather armour of Makhleb's
                  | Displeasure {rC- rN+ Str+2} (You bought it in a shop in a
                  | bazaar)
 63776 | Bazaar   | Identified the cursed +1 scale mail of the Sneaky Moons
                  | {rF+} (You bought it in a shop in a bazaar)
 63858 | Bazaar   | Identified the cursed +1 leather armour "Cierou" {+Fly MR+}
                  | (You bought it in a shop in a bazaar)
 63869 | Bazaar   | Identified the +0 chain mail "Xoseilos" {-Tele rElec Dex+6
                  | Slay+5} (You bought it in a shop in a bazaar)
 63879 | Bazaar   | Identified the +2 chain mail of Parts Unknown {rElec MP-9
                  | Str+3} (You bought it in a shop in a bazaar)
 64125 | Depths:5 | Found a runed door.
 64268 | Depths:5 | Found a runed door.
 64268 | Depths:5 | Found a runed door.
 64428 | Depths:5 | Found Nonna's Assorted Antiques.
 64521 | Depths:5 | Found Etueddas's Antique Armour Boutique.
 64529 | Depths:5 | Bought a pair of embroidered gloves for 240 gold pieces
 64529 | Depths:5 | Bought a pitted chain mail for 304 gold pieces
 64529 | Depths:5 | Bought a jewelled chain mail for 304 gold pieces
 64552 | Depths:5 | Identified the cursed +1 chain mail of the Cricket {-Tele
                  | rC+ Str+5 Dex-4 Slay+2} (You bought it in a shop on level 5
                  | of the Depths)
 64563 | Depths:5 | Identified the +8 chain mail of Prudence {+Blink +Fly Str+7
                  | Stlth-} (You bought it in a shop on level 5 of the Depths)
 64711 | Depths:5 | Found a gate to the Realm of Zot.
 65240 | Zig:1    | Entered Level 1 of a ziggurat
 65260 | Zig:2    | Entered Level 2 of a ziggurat
 65293 | Zig:3    | Entered Level 3 of a ziggurat
 65319 | Zig:4    | Entered Level 4 of a ziggurat
 65343 | Zig:5    | Entered Level 5 of a ziggurat
 65386 | Zig:6    | Entered Level 6 of a ziggurat
 65391 | Zig:6    | Noticed an ancient lich
 65392 | Zig:6    | Noticed an ancient lich
 65393 | Zig:6    | Killed an ancient lich
 65394 | Zig:6    | Killed an ancient lich
 65458 | Zig:7    | Entered Level 7 of a ziggurat
 65482 | Zig:7    | Identified the Compendium of Congealing Stones
 65495 | Zig:8    | Entered Level 8 of a ziggurat
 65536 | Zig:8    | Reached skill level 1 in Bows
 65536 | Zig:8    | Reached skill level 1 in Hexes
 65536 | Zig:8    | Reached skill level 1 in Charms
 65536 | Zig:8    | Reached skill level 1 in Translocations
 65536 | Zig:8    | Reached skill level 1 in Ice Magic
 65536 | Zig:8    | Reached skill level 1 in Evocations
 65541 | Zig:9    | Entered Level 9 of a ziggurat
 65581 | Zig:10   | Entered Level 10 of a ziggurat
 65608 | Zig:10   | Identified the +8 broad axe of Ciepp {antimagic, -Tele
                  | rPois rF+ MR+} (You found it on level 10 of a ziggurat)
 65616 | Zig:11   | Entered Level 11 of a ziggurat
 65622 | Zig:11   | Noticed Pegryle the pandemonium lord
 65623 | Zig:11   | Noticed Suah the pandemonium lord
 65625 | Zig:11   | Paralysed by you for 6 turns
 65663 | Zig:12   | Entered Level 12 of a ziggurat
 65821 | Zig:12   | Noticed a juggernaut
 65822 | Zig:12   | Noticed a juggernaut
 65823 | Zig:12   | Noticed a juggernaut
 65824 | Zig:12   | Killed a juggernaut
 65824 | Zig:12   | Killed a juggernaut
 65828 | Zig:12   | Killed a juggernaut
 65874 | Zig:13   | Entered Level 13 of a ziggurat
 65884 | Zig:13   | Found the +10 morningstar "Eos" {elec, Halo rElec}
 65885 | Zig:13   | Reached skill level 5 in Necromancy
 66027 | Zig:14   | Entered Level 14 of a ziggurat
 66050 | Zig:14   | Learned a level 6 spell: Deflect Missiles
 66054 | Zig:14   | Found the +6 Majin-Bo {vamp, Archmagi MP+6 Int+6}
 66104 | Zig:14   | Reached skill level 1 in Air Magic
 66106 | Zig:15   | Entered Level 15 of a ziggurat
 66127 | Zig:15   | Found the +10 dark maul {crush}
 66167 | Zig:15   | Identified the +1 scale mail of Aniatir {Int+2} (You found
                  | it on level 15 of a ziggurat)
 66227 | Zig:16   | Entered Level 16 of a ziggurat
 66241 | Zig:16   | Reached skill level 15 in Fire Magic
 66258 | Zig:16   | Found the +8 lance "Wyrmbane" {slay drac, rPois rF+ rC+
                  | AC+3}
 66277 | Zig:16   | Got a coiled bone amulet
 66279 | Zig:16   | Got a glittering lead ring
 66283 | Zig:16   | Got a twitching lapis lazuli ring
 66312 | Zig:16   | Identified the amulet of Ecvucosch {+Rage +Inv rC+ Str+2}
                  | (You found it on level 16 of a ziggurat)
 66316 | Zig:16   | Identified the ring of Tempters {-Tele +Inv rPois rC+
                  | Slay+5} (You found it on level 16 of a ziggurat)
 66318 | Zig:16   | Identified the ring "Wobbe" {*Tele *Drain rPois MP+9 Dex-2}
                  | (You found it on level 16 of a ziggurat)
 66329 | Zig:17   | Entered Level 17 of a ziggurat
 66340 | Zig:17   | Noticed an ancient lich
 66342 | Zig:17   | Killed an ancient lich
 66358 | Zig:17   | Found the +5 demon whip "Spellbinder" {antimagic, MR+}
 66367 | Zig:17   | Identified the Incunabulum of the Voyage
 66374 | Zig:17   | Identified the Reference Book on Heat and Companions
 66407 | Zig:18   | Entered Level 18 of a ziggurat
 66415 | Zig:18   | Noticed Nafenink the pandemonium lord
 66415 | Zig:18   | Noticed Wovumux the pandemonium lord
 66415 | Zig:18   | Noticed Kasufo the pandemonium lord
 66419 | Zig:18   | Noticed Ymarr the pandemonium lord
 66422 | Zig:18   | Killed Nafenink the pandemonium lord
 66423 | Zig:18   | Killed Wovumux the pandemonium lord
 66423 | Zig:18   | Killed Kasufo the pandemonium lord
 66425 | Zig:18   | Killed Ymarr the pandemonium lord
 66425 | Zig:18   | Reached skill level 27 in Spellcasting
 66430 | Zig:18   | Noticed Jemeu the pandemonium lord
 66431 | Zig:18   | Killed Jemeu the pandemonium lord
 66435 | Zig:18   | Noticed Reheceol the pandemonium lord
 66437 | Zig:18   | Killed Reheceol the pandemonium lord
 66446 | Zig:18   | Found the +4 dagger "Morg" {pain, MR+ Int+5}
 66455 | Zig:18   | Identified Hiptei Qika's Collected Works on Destructive
                  | Stolen Souls
 66462 | Zig:18   | Got a glittering granite ring
 66519 | Zig:18   | Identified the ring "Gyablig" {+Blink EV+3} (You found it
                  | on level 18 of a ziggurat)
 66522 | Zig:18   | Reached skill level 5 in Armour
 66596 | Zig:19   | Entered Level 19 of a ziggurat
 66625 | Zig:19   | Found the +8 storm bow {elec}
 66637 | Zig:19   | Identified the Catalogue of the Supportive Frostbite
 66644 | Zig:19   | Got a clouded brass ring
 66673 | Zig:19   | Identified the ring of Tuovoej {rPois MP+9 Str+3} (You
                  | found it on level 19 of a ziggurat)
 66677 | Zig:20   | Entered Level 20 of a ziggurat
 66729 | Zig:20   | Identified the Handbook of Earth and Heat
 66732 | Zig:20   | Got a crude ruby amulet
 66736 | Zig:20   | Identified Muacki's Incunabulum of the Voyage and
                  | Companions
 66792 | Zig:20   | Identified the amulet "Sostat" {+Rage rElec Int+3 Dex-4}
                  | (You found it on level 20 of a ziggurat)
 66800 | Zig:21   | Entered Level 21 of a ziggurat
 66967 | Zig:21   | Identified the Guide on the Frigorific Compass
 67025 | Zig:21   | Reached skill level 5 in Translocations
 67027 | Zig:22   | Entered Level 22 of a ziggurat
 67044 | Zig:22   | Gained mutation: You are dopey. (Int -2) [a cacodemon]
 67048 | Zig:22   | Noticed an ancient lich
 67050 | Zig:22   | Killed an ancient lich
 67073 | Zig:22   | Identified the Almanac of Lethal Unholy Rituals
 67083 | Zig:22   | Identified the Grimoire of the Arsonist and the Mountains
 67111 | Zig:22   | Lost mutation: You are dopey. (Int -2) [potion of mutation]
 67111 | Zig:22   | Gained mutation: Your body sometimes deteriorates upon
                  | taking damage. [potion of mutation]
 67111 | Zig:22   | Gained mutation: You have a pair of small antennae on your
                  | head. [potion of mutation]
 67111 | Zig:22   | Gained mutation: You possess an exceptional clarity of
                  | mind. [potion of mutation]
 67111 | Zig:22   | Gained mutation: You are covered in fur. (AC +1) [potion of
                  | mutation]
 67112 | Zig:22   | Lost mutation: Your body sometimes deteriorates upon taking
                  | damage. [potion of mutation]
 67112 | Zig:22   | Lost mutation: You have a pair of small antennae on your
                  | head. [potion of mutation]
 67112 | Zig:22   | Lost mutation: You possess an exceptional clarity of mind.
                  | [potion of mutation]
 67112 | Zig:22   | Gained mutation: You can translocate small distances at
                  | will. [potion of mutation]
 67112 | Zig:22   | Gained mutation: You are dopey. (Int -2) [potion of
                  | mutation]
 67112 | Zig:22   | Gained mutation: You do not regenerate when monsters are
                  | visible. [potion of mutation]
 67112 | Zig:22   | Gained mutation: You have large cloven feet. [potion of
                  | mutation]
 67113 | Zig:22   | Lost mutation: You can translocate small distances at will.
                  | [potion of mutation]
 67113 | Zig:22   | Lost mutation: You are dopey. (Int -2) [potion of mutation]
 67113 | Zig:22   | Gained mutation: You are dopey. (Int -2) [potion of
                  | mutation]
 67113 | Zig:22   | Gained mutation: You are very dopey. (Int -4) [potion of
                  | mutation]
 67113 | Zig:22   | Gained mutation: You have a somewhat thin skeletal
                  | structure. (Dex +2, Stealth) [potion of mutation]
 67113 | Zig:22   | Gained mutation: You evolve. [potion of mutation]
 67114 | Zig:22   | Lost mutation: You do not regenerate when monsters are
                  | visible. [potion of mutation]
 67114 | Zig:22   | Lost mutation: You have large cloven feet. [potion of
                  | mutation]
 67114 | Zig:22   | Gained mutation: Your magical capacity is low. (-10% MP)
                  | [potion of mutation]
 67114 | Zig:22   | Gained mutation: You are partially covered in slimy green
                  | scales. (AC +2) [potion of mutation]
 67115 | Zig:22   | Lost mutation: Your magical capacity is low. (-10% MP)
                  | [potion of mutation]
 67115 | Zig:22   | Lost mutation: You are very dopey. (Int -4) [potion of
                  | mutation]
 67115 | Zig:22   | Lost mutation: You are dopey. (Int -2) [potion of mutation]
 67115 | Zig:22   | Lost mutation: You are partially covered in slimy green
                  | scales. (AC +2) [potion of mutation]
 67115 | Zig:22   | Lost mutation: You evolve. [potion of mutation]
 67115 | Zig:22   | Gained mutation: You are resistant to hostile enchantments.
                  | (MR+) [potion of mutation]
 67115 | Zig:22   | Gained mutation: You are frail. (-10% HP) [potion of
                  | mutation]
 67115 | Zig:22   | Gained mutation: You passively map a small area around you.
                  | [potion of mutation]
 67121 | Zig:22   | Lost mutation: You are frail. (-10% HP) [potion of
                  | mutation]
 67121 | Zig:22   | Lost mutation: You passively map a small area around you.
                  | [potion of mutation]
 67121 | Zig:22   | Lost mutation: You are resistant to hostile enchantments.
                  | (MR+) [potion of mutation]
 67121 | Zig:22   | Lost mutation: You are covered in fur. (AC +1) [potion of
                  | mutation]
 67121 | Zig:22   | Gained mutation: Your spells are a little easier to cast,
                  | but a little less powerful. [potion of mutation]
 67121 | Zig:22   | Gained mutation: You do not regenerate when monsters are
                  | visible. [potion of mutation]
 67121 | Zig:22   | Gained mutation: You are partially covered in icy blue
                  | scales. (AC +2) [potion of mutation]
 67138 | Zig:23   | Entered Level 23 of a ziggurat
 67230 | Zig:23   | Found the +7 great mace "Undeadhunter" {disrupt, rN+}
 67241 | Zig:23   | Identified the Collected Works on Cloudy Contamination
 67250 | Zig:23   | Identified the Incunabulum of Enchantment and the Volcanoes
 67301 | Zig:23   | Got a jewelled buckler
 67306 | Zig:23   | Got a bloodstained robe
 67324 | Zig:23   | Identified the +0 buckler of the Queen {rF+} (You found it
                  | on level 23 of a ziggurat)
 67365 | Zig:23   | Identified the +2 robe of the Harp {rF+ rN+} (You found it
                  | on level 23 of a ziggurat)
 67379 | Zig:24   | Entered Level 24 of a ziggurat
 67420 | Zig:24   | Found the amulet of the Air {Inacc +Fly rElec EV+5 RMsl}
 67426 | Zig:24   | Identified the Reference Book on Toxins and Stones
 67434 | Zig:24   | Identified Xosaxyru's Papyrus of the Spheres
 67440 | Zig:24   | Identified the Collected Works on Companions and Poisoning
 67513 | Zig:24   | Got a warped golden ring
 67517 | Zig:24   | Got a translucent crystal plate armour
 67528 | Zig:24   | Identified the +1 crystal plate armour of Jawnea Ebbu {MR+
                  | Stlth+} (You acquired it on level 24 of a ziggurat)
 67540 | Zig:24   | Identified the ring "Xiegec" {Fire rElec Stlth+} (You
                  | acquired it on level 24 of a ziggurat)
 67549 | Zig:25   | Entered Level 25 of a ziggurat
 67565 | Zig:25   | Noticed an ancient lich
 67565 | Zig:25   | Noticed an ancient lich
 67568 | Zig:25   | Killed an ancient lich
 67568 | Zig:25   | Killed an ancient lich
 67568 | Zig:25   | Noticed an ancient lich
 67571 | Zig:25   | Killed an ancient lich
 67574 | Zig:25   | Noticed an ancient lich
 67575 | Zig:25   | Noticed an ancient lich
 67576 | Zig:25   | Killed an ancient lich
 67577 | Zig:25   | Killed an ancient lich
 67611 | Zig:25   | Found the +8 Wrath of Trog {antimagic, *Rage}
 67617 | Zig:25   | Got a brightly glowing ivory amulet
 67622 | Zig:25   | Got a bound tin ring
 67626 | Zig:25   | Got a twitching wooden ring
 67644 | Zig:25   | Identified Cuah Vin's Tome of Doomed Heat
 67660 | Zig:25   | Identified the amulet "Pitat" {rN+ MR- Regen+ Str+4 Dex+4}
                  | (You found it on level 25 of a ziggurat)
 67664 | Zig:25   | Identified the ring "Maczumnu" {MR+ Int+6} (You found it on
                  | level 25 of a ziggurat)
 67666 | Zig:25   | Identified the ring of Uzej {Ice rElec Dex+2} (You found it
                  | on level 25 of a ziggurat)
 67698 | Zig:25   | Identified the cursed +0 chain mail of Midwinter {MR++
                  | Str+4 Slay-4} (You found it on level 25 of a ziggurat)
 67715 | Zig:26   | Entered Level 26 of a ziggurat
 67723 | Zig:26   | Noticed Bicveism the pandemonium lord
 67728 | Zig:26   | Noticed Yguc the pandemonium lord
 67728 | Zig:26   | Noticed Maim the pandemonium lord
 67729 | Zig:26   | Noticed Empolusih the pandemonium lord
 67729 | Zig:26   | Noticed Ajevow the pandemonium lord
 67732 | Zig:26   | Noticed Zaicerac the pandemonium lord
 67732 | Zig:26   | Killed Yguc the pandemonium lord
 67732 | Zig:26   | Killed Ajevow the pandemonium lord
 67733 | Zig:26   | Noticed Woban the pandemonium lord
 67734 | Zig:26   | Killed Maim the pandemonium lord
 67735 | Zig:26   | Noticed Teguc the pandemonium lord
 67736 | Zig:26   | Killed Bicveism the pandemonium lord
 67736 | Zig:26   | Noticed Icemeuf the pandemonium lord
 67736 | Zig:26   | Noticed Izozepee the pandemonium lord
 67737 | Zig:26   | Killed Teguc the pandemonium lord
 67737 | Zig:26   | Killed Woban the pandemonium lord
 67737 | Zig:26   | Reached skill level 5 in Charms
 67737 | Zig:26   | Noticed Iruablyu the pandemonium lord
 67741 | Zig:26   | Killed Empolusih the pandemonium lord
 67742 | Zig:26   | Killed Izozepee the pandemonium lord
 67743 | Zig:26   | Killed Zaicerac the pandemonium lord
 67745 | Zig:26   | Killed Icemeuf the pandemonium lord
 67759 | Zig:26   | Noticed Kuusum the pandemonium lord
 67760 | Zig:26   | Noticed Novassir the pandemonium lord
 67760 | Zig:26   | Noticed Nanuharo the pandemonium lord
 67760 | Zig:26   | Noticed Orusiaho the pandemonium lord
 67761 | Zig:26   | Killed Novassir the pandemonium lord
 67762 | Zig:26   | Killed Orusiaho the pandemonium lord
 67763 | Zig:26   | Killed Nanuharo the pandemonium lord
 67763 | Zig:26   | Killed Imueg the pandemonium lord
 67764 | Zig:26   | Killed Kuusum the pandemonium lord
 67765 | Zig:26   | Noticed Unuithr Giox the pandemonium lord
 67765 | Zig:26   | Noticed Diobo the pandemonium lord
 67766 | Zig:26   | Killed Unuithr Giox the pandemonium lord
 67768 | Zig:26   | Killed Iruablyu the pandemonium lord
 67781 | Zig:26   | Killed Diobo the pandemonium lord
 67785 | Zig:26   | Noticed Xuhoneash the pandemonium lord
 67798 | Zig:26   | Found the +9 staff of Olgreb {rPois}
 67893 | Zig:26   | Killed Xuhoneash the pandemonium lord
 67924 | Zig:26   | Identified Qiesicim's Grimoire of Supportive Translocation
 67990 | Zig:26   | Reached skill level 5 in Bows
 68358 | Slime:1  | Entered Level 1 of the Pits of Slime
 68894 | Slime:2  | Gained mutation: Potions are less effective at restoring
                  | your health. [a shining eye]
 69486 | Slime:4  | Found a viscous altar of Jiyva.
 69693 | Slime:5  | Entered Level 5 of the Pits of Slime
 69711 | Slime:5  | Noticed the Royal Jelly
 69714 | Slime:5  | Killed the Royal Jelly
 69780 | Slime:5  | Got a slimy rune of Zot
 69816 | Slime:5  | Identified the Grimoire of Excruciating Aid
 70271 | Slime:5  | Identified the cursed +1 chain mail of Gijas {*Corrode
                  | Int+5} (You found it on level 5 of the Pits of Slime)
 70745 | Tomb:1   | Entered Level 1 of the Tomb of the Ancients
 70912 | Tomb:1   | Noticed a greater mummy
 70916 | Tomb:1   | Killed a greater mummy
 70916 | Tomb:1   | Noticed a greater mummy
 70918 | Tomb:1   | Noticed a greater mummy
 70918 | Tomb:1   | Noticed a greater mummy
 70919 | Tomb:1   | Killed a greater mummy
 70920 | Tomb:1   | Noticed a greater mummy
 70921 | Tomb:1   | Killed a greater mummy
 70927 | Tomb:1   | Killed a greater mummy
 70928 | Tomb:1   | Killed a greater mummy
 71189 | Tomb:1   | Noticed a greater mummy
 71192 | Tomb:1   | Killed a greater mummy
 71205 | Tomb:1   | Noticed a greater mummy
 71209 | Tomb:1   | Killed a greater mummy
 71491 | Tomb:1   | Noticed a greater mummy
 71492 | Tomb:1   | Noticed a greater mummy
 71492 | Tomb:1   | Noticed a greater mummy
 71493 | Tomb:1   | Noticed a greater mummy
 71493 | Tomb:1   | Noticed a greater mummy
 71494 | Tomb:1   | Killed a greater mummy
 71494 | Tomb:1   | Noticed a greater mummy
 71495 | Tomb:1   | Killed a greater mummy
 71496 | Tomb:1   | Killed a greater mummy
 71496 | Tomb:1   | Killed a greater mummy
 71496 | Tomb:1   | Noticed a greater mummy
 71496 | Tomb:1   | Noticed a greater mummy
 71497 | Tomb:1   | Killed a greater mummy
 71498 | Tomb:1   | Killed a greater mummy
 71499 | Tomb:1   | Killed a greater mummy
 71499 | Tomb:1   | Killed a greater mummy
 71525 | Tomb:1   | Noticed a greater mummy
 71782 | Tomb:1   | Noticed a greater mummy
 71783 | Tomb:1   | Noticed a greater mummy
 71786 | Tomb:1   | Killed a greater mummy
 71786 | Tomb:1   | Killed a greater mummy
 71807 | Tomb:1   | Noticed a greater mummy
 71811 | Tomb:1   | Killed a greater mummy
 71828 | Tomb:1   | Killed a greater mummy
 72251 | Tomb:1   | Noticed a greater mummy
 72254 | Tomb:1   | Killed a greater mummy
 72943 | Tomb:2   | Noticed a greater mummy
 72946 | Tomb:2   | Killed a greater mummy
 73026 | Tomb:2   | Noticed a greater mummy
 73030 | Tomb:2   | Killed a greater mummy
 73265 | Tomb:2   | Noticed a greater mummy
 73268 | Tomb:2   | Killed a greater mummy
 73283 | Tomb:2   | Noticed a greater mummy
 73285 | Tomb:2   | Killed a greater mummy
 73681 | Tomb:3   | Entered Level 3 of the Tomb of the Ancients
 73686 | Tomb:3   | Reached skill level 5 in Transmutations
 73691 | Tomb:3   | Noticed a greater mummy
 73692 | Tomb:3   | Noticed a greater mummy
 73697 | Tomb:3   | Killed a greater mummy
 73951 | Tomb:3   | Noticed a greater mummy
 73953 | Tomb:3   | Killed a greater mummy
 73954 | Tomb:3   | Killed a greater mummy
 73957 | Tomb:3   | Noticed a greater mummy
 73961 | Tomb:3   | Killed a greater mummy
 74071 | Tomb:3   | Noticed a greater mummy
 74072 | Tomb:3   | Killed a greater mummy
 74127 | Tomb:3   | Noticed a greater mummy
 74129 | Tomb:3   | Killed a greater mummy
 74274 | Tomb:3   | Identified Tullauquj's Almanac of Good Luck and Calling
 74278 | Tomb:3   | Identified the Tome of Freezing Beguiling
 74337 | Tomb:3   | Identified the +3 scale mail "Waxubruu" {rPois Dex+3} (You
                  | found it on level 3 of the Tomb of the Ancients)
 74345 | Tomb:3   | Identified the +5 plate armour of the Volcano {Dex+2} (You
                  | found it on level 3 of the Tomb of the Ancients)
 74531 | Tomb:3   | Identified the Compendium of Dark Arts and Intoxication
 74548 | Tomb:3   | Noticed a greater mummy
 74549 | Tomb:3   | Noticed a greater mummy
 74550 | Tomb:3   | Killed a greater mummy
 74552 | Tomb:3   | Killed a greater mummy
 74576 | Tomb:3   | Reached skill level 27 in Conjurations
 74582 | Tomb:3   | Noticed a greater mummy
 74584 | Tomb:3   | Killed a greater mummy
 74772 | Tomb:3   | Got a golden rune of Zot
 75134 | Zig:1    | Entered Level 1 of a ziggurat
 75158 | Zig:2    | Entered Level 2 of a ziggurat
 75185 | Zig:3    | Entered Level 3 of a ziggurat
 75201 | Zig:4    | Entered Level 4 of a ziggurat
 75232 | Zig:5    | Entered Level 5 of a ziggurat
 75244 | Zig:5    | Got a warped silver ring
 75257 | Zig:5    | Identified the ring "Duit" {rElec rF+ Dex-4 SInv Stlth+}
                  | (You found it on level 5 of a ziggurat)
 75261 | Zig:6    | Entered Level 6 of a ziggurat
 75297 | Zig:6    | Identified the cursed +1 arbalest of Evisceration {elec,
                  | rN+ Str+4 Dex+4} (You found it on level 6 of a ziggurat)
 75300 | Zig:7    | Entered Level 7 of a ziggurat
 75319 | Zig:7    | Got a slimy wooden ring
 75325 | Zig:7    | Lost mutation: Your spells are a little easier to cast, but
                  | a little less powerful. [potion of mutation]
 75325 | Zig:7    | Lost mutation: You are partially covered in icy blue
                  | scales. (AC +2) [potion of mutation]
 75325 | Zig:7    | Lost mutation: Potions are less effective at restoring your
                  | health. [potion of mutation]
 75325 | Zig:7    | Lost mutation: You do not regenerate when monsters are
                  | visible. [potion of mutation]
 75325 | Zig:7    | Gained mutation: Your body sometimes deteriorates upon
                  | taking damage. [potion of mutation]
 75325 | Zig:7    | Gained mutation: You do not regenerate when monsters are
                  | visible. [potion of mutation]
 75325 | Zig:7    | Gained mutation: You are partially covered in thin metallic
                  | scales. (AC +2) [potion of mutation]
 75328 | Zig:8    | Entered Level 8 of a ziggurat
 75344 | Zig:8    | Learned a level 9 spell: Glaciate
 75358 | Zig:8    | Noticed Piom the pandemonium lord
 75359 | Zig:8    | Killed Piom the pandemonium lord
 75416 | Zig:8    | Identified the ring "Fudgh" {rElec rC+ rN+ Dex+4} (You
                  | found it on level 7 of a ziggurat)
 75419 | Zig:9    | Entered Level 9 of a ziggurat
 75443 | Zig:9    | Got a coiled wooden ring
 75451 | Zig:9    | Got a shimmering amber ring
 75485 | Zig:9    | Identified the ring "Quthrugie" {*Slow rPois MP-9 Str+2
                  | Int+5 Dex+8} (You found it on level 9 of a ziggurat)
 75486 | Zig:9    | Identified the ring of Utriweaq {*Slow rC+ MR+ Dex+3
                  | Slay+2} (You found it on level 9 of a ziggurat)
 75492 | Zig:9    | Identified the +0 pair of boots "Gemog" {rC- rN+++ Dex+4}
                  | (You acquired it on level 9 of a ziggurat)
 75497 | Zig:9    | Lost mutation: Your body sometimes deteriorates upon taking
                  | damage. [potion of mutation]
 75497 | Zig:9    | Gained mutation: You are resistant to hostile enchantments.
                  | (MR+) [potion of mutation]
 75497 | Zig:9    | Gained mutation: You are agile. (Dex +2) [potion of
                  | mutation]
 75497 | Zig:9    | Gained mutation: Your movements are slightly less
                  | encumbered by armour. (ER -2) [potion of mutation]
 75511 | Zig:10   | Entered Level 10 of a ziggurat
 75521 | Zig:10   | Killed Dapyperph the pandemonium lord
 75579 | Zig:11   | Entered Level 11 of a ziggurat
 75649 | Zig:11   | Reached skill level 5 in Air Magic
 75658 | Zig:11   | Identified Sif Muna's Compendium of the Shifting Snowflakes
 75664 | Zig:11   | Identified the Incunabulum of Air
 75670 | Zig:11   | Got a scintillating tin ring
 75702 | Zig:11   | Identified the ring "Loimeun" {+Fly Dex+4} (You found it on
                  | level 11 of a ziggurat)
 75704 | Zig:11   | Reached skill level 5 in Ice Magic
 75719 | Zig:12   | Entered Level 12 of a ziggurat
 75787 | Zig:12   | Identified the Handbook of Weightlessness
 75789 | Zig:12   | Identified the Tome of Necromancy
 75827 | Zig:13   | Entered Level 13 of a ziggurat
 75839 | Zig:13   | Noticed an ancient lich
 75841 | Zig:13   | Killed an ancient lich
 75888 | Zig:13   | Got a vibrating amber ring
 75931 | Zig:13   | Identified the ring "Idghe" {+Inv rN+ Int+5} (You found it
                  | on level 13 of a ziggurat)
 75936 | Zig:14   | Entered Level 14 of a ziggurat
 75965 | Zig:14   | Found the +7 Kryia's mail coat {PotionHeal*2 rC+}
 75976 | Zig:14   | Found the +3 sling "Punk" {acid, rCorr}
 75984 | Zig:14   | Identified Liomi's Volume of the Shifting Compass
 76002 | Zig:14   | Lost mutation: You are resistant to hostile enchantments.
                  | (MR+) [potion of mutation]
 76002 | Zig:14   | Lost mutation: You have a somewhat thin skeletal structure.
                  | (Dex +2, Stealth) [potion of mutation]
 76002 | Zig:14   | Lost mutation: You are partially covered in thin metallic
                  | scales. (AC +2) [potion of mutation]
 76002 | Zig:14   | Lost mutation: You do not regenerate when monsters are
                  | visible. [potion of mutation]
 76002 | Zig:14   | Gained mutation: You are very agile. (Dex +4) [potion of
                  | mutation]
 76002 | Zig:14   | Gained mutation: You evolve. [potion of mutation]
 76024 | Zig:14   | Identified the +6 arbalest of Overwhelming Force {elec,
                  | +Fly} (You found it on level 14 of a ziggurat)
 76063 | Zig:14   | Gained mutation: Your flesh is heat resistant. (rF+)
                  | [evolution]
 76076 | Zig:15   | Entered Level 15 of a ziggurat
 76088 | Zig:15   | Learned a level 9 spell: Tornado
 76140 | Zig:15   | Identified Vocim's Easy Theurgy
 76146 | Zig:15   | Got a pitted amber ring
 76203 | Zig:15   | Identified the ring "Afac Pinak" {EV+4 SInv} (You found it
                  | on level 15 of a ziggurat)
 76204 | Zig:15   | Identified the cursed +1 chain mail of Disguise {Regen+
                  | Str+4} (You found it on level 15 of a ziggurat)
 76212 | Zig:16   | Entered Level 16 of a ziggurat
 76348 | Zig:17   | Entered Level 17 of a ziggurat
 76385 | Zig:17   | Found the +7 lajatang of Order {silver, rMut}
 76426 | Zig:17   | Got a smoking steel ring
 76427 | Zig:17   | Identified the ring "Sydwaum" {Fire +Blink} (You found it
                  | on level 17 of a ziggurat)
 76433 | Zig:17   | Got a blackened chain mail
 76444 | Zig:17   | Identified the +4 chain mail "Naotsoih" {rC- rCorr Int+8
                  | Stlth+} (You found it on level 17 of a ziggurat)
 76456 | Zig:17   | Reached skill level 5 in Evocations
 76457 | Zig:17   | Reached skill level 5 in Hexes
 76463 | Zig:18   | Entered Level 18 of a ziggurat
 76483 | Zig:18   | Noticed Eshroa the pandemonium lord
 76486 | Zig:18   | Reached skill level 27 in Fire Magic
 76490 | Zig:18   | Killed Eshroa the pandemonium lord
 76606 | Zig:18   | Got a twisted hat
 76617 | Zig:18   | Identified the +0 hat of Sif Muna's Regard {+Blink rPois
                  | rCorr Stlth-} (You found it on level 18 of a ziggurat)
 76633 | Zig:19   | Entered Level 19 of a ziggurat
 76677 | Zig:19   | Got an ancient amber ring
 76679 | Zig:19   | Got a flickering amber ring
 76695 | Zig:19   | Got a clouded silver ring
 76700 | Zig:19   | Identified Acyadgho's Handbook of Helpful Evil
 76755 | Zig:19   | Identified the ring of Joy {*Drain rC- Int+8 SInv Stlth+}
                  | (You found it on level 19 of a ziggurat)
 76758 | Zig:19   | Identified the ring "Cudig" {rPois rC+ MP+9 Stlth+} (You
                  | found it on level 19 of a ziggurat)
 76760 | Zig:19   | Identified the ring of Nemelex Xobeh's Pride {rPois Int+5
                  | Dex+4 Stlth+} (You found it on level 19 of a ziggurat)
 76792 | Zig:20   | Entered Level 20 of a ziggurat
 76808 | Zig:20   | Noticed Vyntutyo the pandemonium lord
 76809 | Zig:20   | Noticed Milo the pandemonium lord
 76814 | Zig:20   | Killed Vyntutyo the pandemonium lord
 76815 | Zig:20   | Killed Milo the pandemonium lord
 76853 | Zig:20   | Noticed Rugigh the pandemonium lord
 76860 | Zig:20   | Killed Rugigh the pandemonium lord
 76860 | Zig:20   | Reached skill level 10 in Air Magic
 76861 | Zig:20   | Noticed Gighonu the pandemonium lord
 76863 | Zig:20   | Reached skill level 10 in Stealth
 76866 | Zig:20   | Killed Gighonu the pandemonium lord
 76866 | Zig:20   | Reached skill level 27 in Fighting
 76868 | Zig:20   | Noticed Ritzich the pandemonium lord
 76871 | Zig:20   | Noticed Siosof the pandemonium lord
 76874 | Zig:20   | Killed Siosof the pandemonium lord
 76875 | Zig:20   | Killed Ritzich the pandemonium lord
 76881 | Zig:20   | Noticed Nuux the pandemonium lord
 76882 | Zig:20   | Noticed Kooshrul the pandemonium lord
 76884 | Zig:20   | Killed Kooshrul the pandemonium lord
 76885 | Zig:20   | Killed Nuux the pandemonium lord
 76980 | Zig:20   | Found the +7 Spriggan's Knife {MR+ EV+4 Dex+4 Stlth+}
 76993 | Zig:20   | Got a scintillating glass ring
 77010 | Zig:20   | Got a pitted lead ring
 77014 | Zig:20   | Identified the Handbook of Igneous Slavery
 77079 | Zig:20   | Identified the ring "Qoystra" {rElec EV+4 Dex+5 Stlth+}
                  | (You found it on level 20 of a ziggurat)
 77081 | Zig:20   | Identified the ring "Meron" {rF+ Str+6 Int+7 Dex-3} (You
                  | found it on level 20 of a ziggurat)
 77086 | Zig:20   | Identified the +3 chain mail of the Merchant {rElec rPois
                  | MR- Int-2} (You found it on level 20 of a ziggurat)
 77089 | Zig:21   | Entered Level 21 of a ziggurat
 77113 | Zig:21   | Reached skill level 10 in Shields
 77116 | Zig:21   | Noticed an ancient lich
 77118 | Zig:21   | Noticed an ancient lich
 77119 | Zig:21   | Killed an ancient lich
 77120 | Zig:21   | Killed an ancient lich
 77123 | Zig:21   | Noticed an ancient lich
 77124 | Zig:21   | Killed an ancient lich
 77224 | Zig:21   | Got a faintly glowing marble ring
 77262 | Zig:21   | Identified the ring of Ascent {Ice rPois rN+++ MP-9 Str+3}
                  | (You found it on level 21 of a ziggurat)
 77271 | Zig:22   | Entered Level 22 of a ziggurat
 77298 | Zig:22   | Gained mutation: You have a somewhat thin skeletal
                  | structure. (Dex +2, Stealth) [evolution]
 77369 | Zig:22   | Got a steaming platinum amulet
 77394 | Zig:22   | Identified the Collected Works on Intoxication and Aid
 77500 | Zig:22   | Got a pair of encrusted gloves
 77510 | Zig:22   | Identified the amulet of Amorality {Inacc +Fly rN+ SInv}
                  | (You found it on level 22 of a ziggurat)
 77512 | Zig:22   | Identified the +2 pair of gloves "Gutsi" {rC++} (You found
                  | it on level 22 of a ziggurat)
 77513 | Zig:22   | Identified the +3 scale mail of Kleptomania {Str+3 Dex+7}
                  | (You found it on level 22 of a ziggurat)
 77525 | Zig:22   | Reached skill level 5 in Staves
 77541 | Zig:23   | Entered Level 23 of a ziggurat
 77566 | Zig:23   | Reached skill level 10 in Necromancy
 77589 | Zig:23   | Found the brooch of Shielding {Reflect SH+8}
 77732 | Zig:24   | Entered Level 24 of a ziggurat
 77768 | Zig:24   | Reached skill level 15 in Air Magic
 77820 | Zig:24   | Identified the Guide on the Snowflakes and Bewitchment
 77913 | Zig:25   | Entered Level 25 of a ziggurat
 77936 | Zig:25   | Reached skill level 10 in Charms
 78090 | Zig:25   | Found the +8 autumn katana {slice, Clar}
 78092 | Zig:25   | Found the +6 arbalest "Damnation" {damnation}
 78103 | Zig:25   | Identified Lotugol's Incunabulum of the Mountains and
                  | Poisoning
 78106 | Zig:25   | Identified Livoin's Compendium of Supportive Black Rituals
 78229 | Zig:25   | Learned a level 8 spell: Death's Door
 78230 | Zig:26   | Entered Level 26 of a ziggurat
 78263 | Zig:26   | Reached skill level 10 in Dodging
 78266 | Zig:26   | Reached skill level 10 in Translocations
 78344 | Zig:26   | Found the amulet of the Four Winds {rN+ MR+++ Clar}
 78424 | Zig:26   | Identified the Tome of Fire and Orientation
 78538 | Zig:26   | Got a transparent ring mail
 78561 | Zig:26   | Identified the +1 ring mail of Sietim {rF+ rC+ Str-4} (You
                  | found it on level 26 of a ziggurat)
 78574 | Zig:27   | Entered Level 27 of a ziggurat
 78611 | Zig:27   | Reached skill level 10 in Evocations
 78664 | Zig:27   | Found the +9 scales of the Dragon King {rPois rF+ rC+ MR+}
 78674 | Zig:27   | Got a clouded ruby amulet
 78676 | Zig:27   | Identified the Catalogue of Feathers
 78789 | Zig:27   | Got a warped cloak
 78820 | Zig:27   | Identified the +2 cloak of Taxoting {rF- rN+ Int+3 SInv}
                  | (You found it on level 27 of a ziggurat)
 78844 | Zig:27   | Identified the amulet "Qim Opus" {Gourm +Blink Int+3} (You
                  | found it on level 27 of a ziggurat)
 78850 | Zig:27   | Got a faintly glowing plate armour
 78861 | Zig:27   | Identified the +8 plate armour of Inquiry {Int+4} (You
                  | found it on level 27 of a ziggurat)
 78890 | Zig:1    | Entered Level 1 of a ziggurat
 78911 | Zig:2    | Entered Level 2 of a ziggurat
 78938 | Zig:3    | Entered Level 3 of a ziggurat
 78965 | Zig:4    | Entered Level 4 of a ziggurat
 79021 | Zig:5    | Entered Level 5 of a ziggurat
 79067 | Zig:6    | Entered Level 6 of a ziggurat
 79109 | Zig:6    | Identified the +3 cloak of Cebet {MR++} (You found it on
                  | level 6 of a ziggurat)
 79113 | Zig:7    | Entered Level 7 of a ziggurat
 79156 | Zig:8    | Entered Level 8 of a ziggurat
 79165 | Zig:8    | Reached skill level 10 in Ice Magic
 79203 | Zig:8    | Got a brightly glowing tin ring
 79211 | Zig:8    | Identified the cursed ring "Zeph" {MP+9 Int-4} (You found
                  | it on level 8 of a ziggurat)
 79214 | Zig:9    | Entered Level 9 of a ziggurat
 79244 | Zig:9    | Identified the Incunabulum of Sinister Dislocation
 79279 | Zig:10   | Entered Level 10 of a ziggurat
 79286 | Zig:10   | Found the ring of the Mage {Wiz MR++ Int+3}
 79289 | Zig:10   | Found the amulet of Vitality {Regen+ HP+15}
 79338 | Zig:11   | Entered Level 11 of a ziggurat
 79349 | Zig:11   | Reached skill level 15 in Stealth
 79367 | Zig:11   | Identified Deyllel's Guide on Dislocated Weightlessness
 79382 | Zig:12   | Entered Level 12 of a ziggurat
 79423 | Zig:12   | Identified the Compendium of the Virous Mountains
 79482 | Zig:13   | Entered Level 13 of a ziggurat
 79513 | Zig:13   | Got a sparkling steel ring
 79525 | Zig:13   | Identified the ring of Disaster {Str+3 Int+2 SInv} (You
                  | found it on level 13 of a ziggurat)
 79528 | Zig:13   | Got a vibrating bone ring
 79540 | Zig:13   | Identified the cursed ring of Ceuvyroh {rElec Int+2 Dex-3}
                  | (You found it on level 13 of a ziggurat)
 79543 | Zig:13   | Identified the +0 cloak "Engy" {Int+5 SInv} (You found it
                  | on level 13 of a ziggurat)
 79555 | Zig:14   | Entered Level 14 of a ziggurat
 79578 | Zig:14   | Found the +4 arc blade {discharge, rElec}
 79621 | Zig:15   | Entered Level 15 of a ziggurat
 79626 | Zig:15   | Noticed an ancient lich
 79628 | Zig:15   | Killed an ancient lich
 79628 | Zig:15   | Reached skill level 10 in Transmutations
 79635 | Zig:15   | Noticed an ancient lich
 79637 | Zig:15   | Killed an ancient lich
 79655 | Zig:15   | Found the cursed necklace of Bloodlust {*Rage +Rage MR++
                  | Int-3 Slay+6 *Curse}
 79700 | Zig:15   | Identified the cursed -1 pair of gloves "Fatoxi" {-Tele
                  | rElec Str+3 Int+10} (You found it on level 15 of a
                  | ziggurat)
 79707 | Zig:15   | Identified the +4 scale mail of Entitlement {Dex+3} (You
                  | found it on level 15 of a ziggurat)
 79743 | Zig:16   | Entered Level 16 of a ziggurat
 79757 | Zig:16   | Found the +6 lightning scales {run, rElec}
 79780 | Zig:16   | Identified Sif Muna's Grimoire of Dusty Summoning
 79804 | Zig:16   | Identified the Compendium of Helpful Creation
 79841 | Zig:17   | Entered Level 17 of a ziggurat
 79853 | Zig:17   | Noticed Iloin the pandemonium lord
 79853 | Zig:17   | Noticed Fipav the pandemonium lord
 79853 | Zig:17   | Noticed Qiduf the pandemonium lord
 79853 | Zig:17   | Noticed Acidoju the pandemonium lord
 79853 | Zig:17   | Noticed Ewanluff the pandemonium lord
 79853 | Zig:17   | Noticed Eloex the pandemonium lord
 79854 | Zig:17   | Noticed Laah the pandemonium lord
 79860 | Zig:17   | Killed Acidoju the pandemonium lord
 79862 | Zig:17   | Killed Qiduf the pandemonium lord
 79863 | Zig:17   | Killed Eloex the pandemonium lord
 79864 | Zig:17   | Noticed Efua the pandemonium lord
 79868 | Zig:17   | Killed Efua the pandemonium lord
 79869 | Zig:17   | Killed Ewanluff the pandemonium lord
 79869 | Zig:17   | Killed Iloin the pandemonium lord
 79870 | Zig:17   | Noticed Apsihuc the pandemonium lord
 79871 | Zig:17   | Noticed Zareps the pandemonium lord
 79872 | Zig:17   | Killed Zareps the pandemonium lord
 79873 | Zig:17   | Killed Fipav the pandemonium lord
 79875 | Zig:17   | Killed Laah the pandemonium lord
 79877 | Zig:17   | Killed Apsihuc the pandemonium lord
 79881 | Zig:17   | Noticed Seitzybb the pandemonium lord
 79882 | Zig:17   | Killed Seitzybb the pandemonium lord
 79883 | Zig:17   | Noticed Zualit the pandemonium lord
 79885 | Zig:17   | Killed Zualit the pandemonium lord
 79897 | Zig:17   | Identified the Volume of Confrontation
 79945 | Zig:17   | Identified the +0 scale mail of the Orb {MR+ Int+9} (You
                  | found it on level 17 of a ziggurat)
 79968 | Zig:18   | Entered Level 18 of a ziggurat
 79983 | Zig:18   | Reached skill level 15 in Translocations
 80003 | Zig:18   | Found the +7 great mace "Firestarter" {inner flame, rF++}
 80003 | Zig:18   | Found the +11 plutonium sword {*Contam Stlth-}
 80020 | Zig:18   | Got a translucent turquoise ring
 80021 | Zig:18   | Identified the Reference Book on Hexes
 80077 | Zig:19   | Entered Level 19 of a ziggurat
 80091 | Zig:19   | Noticed Fuecwag the pandemonium lord
 80093 | Zig:19   | Killed Fuecwag the pandemonium lord
 80110 | Zig:19   | Found the +3 hat of Pondering {ponderous, MR+ MP+10 Int+5}
 80137 | Zig:19   | Identified the Almanac of the Dusty Frostbite
 80142 | Zig:19   | Got an ancient bronze ring
 80163 | Zig:19   | Identified the cursed ring of Ropego {*Corrode MR+ Str+6
                  | Int-5 Slay+5} (You found it on level 18 of a ziggurat)
 80166 | Zig:19   | Identified the ring "Fasunwa" {rCorr rC++} (You found it on
                  | level 19 of a ziggurat)
 80195 | Zig:20   | Entered Level 20 of a ziggurat
 80254 | Zig:20   | Got a heavily runed golden ring
 80260 | Zig:20   | Identified the Incunabulum of Sinister Rituals and
                  | Displacement
 80309 | Zig:20   | Identified the ring "Pukh" {rCorr rC+} (You found it on
                  | level 20 of a ziggurat)
 80312 | Zig:21   | Entered Level 21 of a ziggurat
 80328 | Zig:21   | Reached skill level 15 in Necromancy
 80329 | Zig:21   | Reached skill level 15 in Charms
 80350 | Zig:21   | Found the +8 demon blade "Bloodbane" {slice, *Rage +Rage
                  | Stlth-}
 80425 | Zig:21   | Identified the cursed +0 plate armour "Duyth" {Slay+5} (You
                  | found it on level 21 of a ziggurat)
 80427 | Zig:21   | Identified the +4 cloak of Beogh's Pride {rElec MR- rCorr
                  | Str+8} (You found it on level 21 of a ziggurat)
 80430 | Zig:22   | Entered Level 22 of a ziggurat
 80438 | Zig:22   | Noticed a greater mummy
 80440 | Zig:22   | Killed a greater mummy
 80440 | Zig:22   | Noticed a greater mummy
 80442 | Zig:22   | Noticed a greater mummy
 80442 | Zig:22   | Noticed a greater mummy
 80443 | Zig:22   | Killed a greater mummy
 80445 | Zig:22   | Killed a greater mummy
 80445 | Zig:22   | Killed a greater mummy
 80449 | Zig:22   | Noticed a greater mummy
 80451 | Zig:22   | Killed a greater mummy
 80454 | Zig:22   | Noticed a greater mummy
 80455 | Zig:22   | Noticed a greater mummy
 80457 | Zig:22   | Killed a greater mummy
 80457 | Zig:22   | Reached skill level 10 in Staves
 80458 | Zig:22   | Killed a greater mummy
 80459 | Zig:22   | Noticed a greater mummy
 80461 | Zig:22   | Noticed a greater mummy
 80461 | Zig:22   | Noticed a greater mummy
 80462 | Zig:22   | Killed a greater mummy
 80463 | Zig:22   | Killed a greater mummy
 80464 | Zig:22   | Killed a greater mummy
 80466 | Zig:22   | Noticed a greater mummy
 80468 | Zig:22   | Killed a greater mummy
 80521 | Zig:22   | Found the cursed +14 obsidian axe {chop, +Fly SInv *Curse}
 80525 | Zig:22   | Identified Lecrular's Almanac of the Unholy Blaze
 80531 | Zig:22   | Got a vibrating jade ring
 80577 | Zig:22   | Identified the ring of the Everdark {Int+7 Dex+4 Stlth-}
                  | (You found it on level 22 of a ziggurat)
 80652 | Zig:23   | Entered Level 23 of a ziggurat
 80765 | Zig:23   | Identified the Incunabulum of the Oath and Protection
 80793 | Zig:24   | Entered Level 24 of a ziggurat
 80805 | Zig:24   | Reached skill level 15 in Evocations
 80809 | Zig:24   | Noticed an ancient lich
 80810 | Zig:24   | Noticed an ancient lich
 80811 | Zig:24   | Killed an ancient lich
 80812 | Zig:24   | Killed an ancient lich
 80869 | Zig:24   | Got a wavering ivory ring
 80906 | Zig:24   | Got an encrusted scale mail
 80917 | Zig:24   | Identified the cursed +0 scale mail of the Armoured One
                  | {rN+ MR+ Int+4} (You found it on level 24 of a ziggurat)
 80933 | Zig:24   | Got a crude leather armour
 80949 | Zig:24   | Identified the +1 leather armour of the Blind Marksman
                  | {Dex+5} (You found it on level 24 of a ziggurat)
 80961 | Zig:24   | Identified the ring "Gauphi" {*Drain rPois MP+9 Int+4
                  | Dex+6} (You found it on level 24 of a ziggurat)
 80966 | Zig:25   | Entered Level 25 of a ziggurat
 80972 | Zig:25   | Noticed Lurah the pandemonium lord
 80972 | Zig:25   | Noticed Hosehirr the pandemonium lord
 80972 | Zig:25   | Noticed Qyfosou the pandemonium lord
 80974 | Zig:25   | Noticed Tyicin the pandemonium lord
 80976 | Zig:25   | Noticed Ulalot the pandemonium lord
 80977 | Zig:25   | Killed Tyicin the pandemonium lord
 80979 | Zig:25   | Noticed Xuqot the pandemonium lord
 80979 | Zig:25   | Noticed Siust the pandemonium lord
 80979 | Zig:25   | Noticed Doarac the pandemonium lord
 80980 | Zig:25   | Noticed Xutivuejia the pandemonium lord
 80982 | Zig:25   | Noticed Zoupotas the pandemonium lord
 80982 | Zig:25   | Noticed Weledwul the pandemonium lord
 80983 | Zig:25   | Killed Xuqot the pandemonium lord
 80983 | Zig:25   | Noticed Yfreh the pandemonium lord
 80983 | Zig:25   | Noticed Wyarimaw the pandemonium lord
 80984 | Zig:25   | Noticed Dookydyg the pandemonium lord
 80984 | Zig:25   | Noticed Nyczyolu the pandemonium lord
 80984 | Zig:25   | Noticed Dawohoig the pandemonium lord
 80984 | Zig:25   | Noticed Dine the pandemonium lord
 80984 | Zig:25   | Noticed Xuwil the pandemonium lord
 80984 | Zig:25   | Noticed Quronues the pandemonium lord
 80984 | Zig:25   | Noticed Xoygufoe the pandemonium lord
 80984 | Zig:25   | Noticed Cidon the pandemonium lord
 80984 | Zig:25   | Noticed Ziniog the pandemonium lord
 80988 | Zig:26   | Entered Level 26 of a ziggurat
 81027 | Zig:26   | Reached skill level 15 in Dodging
 81031 | Zig:26   | Noticed an ancient lich
 81033 | Zig:26   | Killed an ancient lich
 81033 | Zig:26   | Reached skill level 10 in Bows
 81033 | Zig:26   | Noticed an ancient lich
 81035 | Zig:26   | Killed an ancient lich
 81035 | Zig:26   | Reached skill level 15 in Shields
 81039 | Zig:26   | Killed an ancient lich
 81041 | Zig:26   | Noticed an ancient lich
 81042 | Zig:26   | Killed an ancient lich
 81043 | Zig:26   | Noticed an ancient lich
 81044 | Zig:26   | Killed an ancient lich
 81045 | Zig:26   | Reached skill level 15 in Staves
 81113 | Zig:26   | Got a pitted iron ring
 81131 | Zig:26   | Identified the Disquisition on Glacial Bewitchment
 81191 | Zig:26   | Identified the ring of Nabiox {rPois rC+ Str+2 Int+4} (You
                  | found it on level 26 of a ziggurat)
 81198 | Zig:26   | Identified the +0 pair of gloves of the Frog {-Tele rElec
                  | rCorr} (You found it on level 26 of a ziggurat)
 81202 | Zig:26   | Identified the +0 pair of gloves of Repulsion {rPois Int-4
                  | Stlth+} (You found it on level 26 of a ziggurat)
 81205 | Zig:27   | Entered Level 27 of a ziggurat
 81286 | Zig:27   | Found the +6 shillelagh "Devastator" {shatter}
 81300 | Zig:27   | Got a twitching brass ring
 81305 | Zig:27   | Identified the ring "Uzxukuwk" {+Blink Stlth-} (You found
                  | it on level 27 of a ziggurat)
 81312 | Zig:27   | Identified the +1 ring mail of the Gastropod {rElec rF-
                  | Int+7 Dex+4} (You acquired it on level 27 of a ziggurat)
 81315 | Zig:27   | Got a steaming lapis lazuli ring
 81318 | Zig:27   | Identified the ring "Linoubui" {*Tele *Corrode +Blink
                  | Str+6} (You found it on level 27 of a ziggurat)
 81330 | Zig:27   | Got a faintly glowing marble ring
 81333 | Zig:27   | Identified the ring of Huisch {*Contam Str+6 Int+6} (You
                  | found it on level 27 of a ziggurat)
 81338 | Zig:27   | Identified the +1 leather armour of the Cockatrice {rPois
                  | rF+ Int+3 Stlth+} (You found it on level 27 of a ziggurat)
 81343 | Zig:27   | Got a diamond-encrusted leather armour
 81345 | Zig:27   | Got a crude plate armour
 81369 | Zig:27   | Identified the +3 leather armour of the Vaults {*Contam
                  | rElec Dex+3} (You found it on level 27 of a ziggurat)
 81380 | Zig:27   | Identified the +7 plate armour of Marbles {rF+ Int+3 Dex+2
                  | Stlth+} (You found it on level 27 of a ziggurat)
 81687 | Zig:27   | Lost mutation: Your flesh is heat resistant. (rF+) [potion
                  | of mutation]
 81687 | Zig:27   | Lost mutation: You are very agile. (Dex +4) [potion of
                  | mutation]
 81687 | Zig:27   | Lost mutation: You are agile. (Dex +2) [potion of mutation]
 81687 | Zig:27   | Lost mutation: You evolve. [potion of mutation]
 81687 | Zig:27   | Gained mutation: Your mind is acute. (Int +2) [potion of
                  | mutation]
 81688 | Zig:27   | Lost mutation: Your mind is acute. (Int +2) [potion of
                  | mutation]
 81688 | Zig:27   | Lost mutation: You have a somewhat thin skeletal structure.
                  | (Dex +2, Stealth) [potion of mutation]
 81688 | Zig:27   | Gained mutation: You are partially covered in thin metallic
                  | scales. (AC +2) [potion of mutation]
 81688 | Zig:27   | Gained mutation: You have sharp toenails. [potion of
                  | mutation]
 81688 | Zig:27   | Gained mutation: You can translocate small distances at
                  | will. [potion of mutation]
 81689 | Zig:27   | Lost mutation: You have sharp toenails. [potion of
                  | mutation]
 81689 | Zig:27   | Lost mutation: You are partially covered in thin metallic
                  | scales. (AC +2) [potion of mutation]
 81689 | Zig:27   | Gained mutation: Your muscles are strong. (Str +2) [potion
                  | of mutation]
 81689 | Zig:27   | Gained mutation: Your muscles are very strong. (Str +4)
                  | [potion of mutation]
 81690 | Zig:27   | Lost mutation: You can translocate small distances at will.
                  | [potion of mutation]
 81690 | Zig:27   | Lost mutation: Your muscles are very strong. (Str +4)
                  | [potion of mutation]
 81690 | Zig:27   | Lost mutation: Your muscles are strong. (Str +2) [potion of
                  | mutation]
 81690 | Zig:27   | Lost mutation: Your movements are slightly less encumbered
                  | by armour. (ER -2) [potion of mutation]
 81690 | Zig:27   | Gained mutation: Your flesh is cold resistant. (rC+)
                  | [potion of mutation]
 81690 | Zig:27   | Gained mutation: You are agile. (Dex +2) [potion of
                  | mutation]
 81690 | Zig:27   | Gained mutation: You are resistant to hostile enchantments.
                  | (MR+) [potion of mutation]
 81691 | Zig:27   | Lost mutation: You are resistant to hostile enchantments.
                  | (MR+) [potion of mutation]
 81691 | Zig:27   | Gained mutation: Your natural rate of healing is unusually
                  | fast. [potion of mutation]
 81691 | Zig:27   | Gained mutation: You tend to lose your temper in combat.
                  | [potion of mutation]
 81691 | Zig:27   | Lost mutation: You tend to lose your temper in combat.
                  | [potion of mutation]
 81692 | Zig:27   | Lost mutation: Your flesh is cold resistant. (rC+) [potion
                  | of mutation]
 81692 | Zig:27   | Lost mutation: You are agile. (Dex +2) [potion of mutation]
 81692 | Zig:27   | Lost mutation: Your natural rate of healing is unusually
                  | fast. [potion of mutation]
 81692 | Zig:27   | Gained mutation: Your mind is acute. (Int +2) [potion of
                  | mutation]
 81692 | Zig:27   | Gained mutation: You are weak. (Str -2) [potion of
                  | mutation]
 81692 | Zig:27   | Gained mutation: Your spells are a little harder to cast,
                  | but a little more powerful. [potion of mutation]
 81711 | Zig:1    | Entered Level 1 of a ziggurat
 81730 | Zig:2    | Entered Level 2 of a ziggurat
 81755 | Zig:3    | Entered Level 3 of a ziggurat
 81781 | Zig:4    | Entered Level 4 of a ziggurat
 81797 | Zig:4    | Got a transparent crystal amulet
 81811 | Zig:4    | Identified the amulet "Boihaq" {Reflect rPois Dex+4 SH+5}
                  | (You found it on level 4 of a ziggurat)
 81817 | Zig:5    | Entered Level 5 of a ziggurat
 81821 | Zig:5    | Found the +4 skin of Zhor {rC+++}
 81822 | Zig:5    | Noticed Cibbig the pandemonium lord
 81826 | Zig:5    | Killed Cibbig the pandemonium lord
 81873 | Zig:6    | Entered Level 6 of a ziggurat
 81876 | Zig:6    | Noticed an ancient lich
 81877 | Zig:6    | Killed an ancient lich
 81892 | Zig:6    | Got a slimy iron ring
 81906 | Zig:6    | Identified the ring "Qorchies" {Wiz *Corrode +Inv rElec
                  | Dex-3} (You found it on level 6 of a ziggurat)
 81916 | Zig:7    | Entered Level 7 of a ziggurat
 81947 | Zig:7    | Got a coiled brass ring
 81951 | Zig:7    | Got a coiled lapis lazuli ring
 81954 | Zig:7    | Got a brightly glowing tin ring
 81983 | Zig:7    | Identified the cursed ring "Inib" {+Fly EV-3 Dex+4} (You
                  | found it on level 7 of a ziggurat)
 81986 | Zig:7    | Identified the ring "Dehecibb" {Ice +Fly Stlth+} (You found
                  | it on level 7 of a ziggurat)
 81988 | Zig:7    | Identified the ring of Freedom {MR+ Int+4} (You found it on
                  | level 7 of a ziggurat)
 82000 | Zig:8    | Entered Level 8 of a ziggurat
 82011 | Zig:8    | Noticed an ancient lich
 82011 | Zig:8    | Killed an ancient lich
 82054 | Zig:8    | Reached skill level 10 in Armour
 82074 | Zig:9    | Entered Level 9 of a ziggurat
 82093 | Zig:9    | Found the +8 frozen axe "Frostbite" {freezing cloud, *Noise
                  | +Fly rC+}
 82142 | Zig:9    | Got a brightly glowing robe
 82153 | Zig:9    | Identified the cursed +0 robe "Qoghekh" {+Fly Int+3} (You
                  | found it on level 9 of a ziggurat)
 82171 | Zig:10   | Entered Level 10 of a ziggurat
 82181 | Zig:10   | Noticed an ancient lich
 82184 | Zig:10   | Killed an ancient lich
 82204 | Zig:10   | Identified the Reference Book on Floating Battle Magic
 82253 | Zig:11   | Entered Level 11 of a ziggurat
 82301 | Zig:11   | Identified the Grimoire of Shifting Good Luck
 82304 | Zig:11   | Identified the +1 robe of the Marlin {Str+6} (You found it
                  | on level 11 of a ziggurat)
 82319 | Zig:12   | Entered Level 12 of a ziggurat
 82328 | Zig:12   | Noticed a greater mummy
 82329 | Zig:12   | Noticed a greater mummy
 82331 | Zig:12   | Killed a greater mummy
 82331 | Zig:12   | Killed a greater mummy
 82331 | Zig:12   | Noticed a greater mummy
 82332 | Zig:12   | Noticed a greater mummy
 82338 | Zig:12   | Killed a greater mummy
 82343 | Zig:12   | Noticed a greater mummy
 82345 | Zig:12   | Killed a greater mummy
 82345 | Zig:12   | Noticed a greater mummy
 82345 | Zig:12   | Noticed a greater mummy
 82346 | Zig:12   | Killed a greater mummy
 82347 | Zig:12   | Killed a greater mummy
 82347 | Zig:12   | Killed a greater mummy
 82413 | Zig:12   | Got a fine bone ring
 82437 | Zig:12   | Identified the ring of Toxzoneg {+Fly rElec} (You found it
                  | on level 12 of a ziggurat)
 82438 | Zig:12   | Identified the cursed +0 crystal plate armour of Analysis
                  | {Slay+2} (You found it on level 12 of a ziggurat)
 82446 | Zig:13   | Entered Level 13 of a ziggurat
 82457 | Zig:13   | Noticed a greater mummy
 82459 | Zig:13   | Killed a greater mummy
 82495 | Zig:13   | Identified Sif Muna's Collected Works on Poison and Flight
 82537 | Zig:14   | Entered Level 14 of a ziggurat
 82565 | Zig:14   | Found the -2 hat of the Alchemist {rElec rPois rF+ rC+ rN+
                  | MR+ rMut rCorr}
 82610 | Zig:14   | Identified the Volume of Earthen Ice
 82672 | Zig:15   | Entered Level 15 of a ziggurat
 82678 | Zig:15   | Noticed a greater mummy
 82680 | Zig:15   | Noticed a greater mummy
 82680 | Zig:15   | Noticed a greater mummy
 82681 | Zig:15   | Noticed a greater mummy
 82683 | Zig:15   | Killed a greater mummy
 82683 | Zig:15   | Killed a greater mummy
 82684 | Zig:15   | Killed a greater mummy
 82684 | Zig:15   | Killed a greater mummy
 82686 | Zig:15   | Noticed a greater mummy
 82688 | Zig:15   | Noticed a greater mummy
 82689 | Zig:15   | Killed a greater mummy
 82690 | Zig:15   | Killed a greater mummy
 82691 | Zig:15   | Noticed a greater mummy
 82693 | Zig:15   | Killed a greater mummy
 82695 | Zig:15   | Noticed a greater mummy
 82698 | Zig:15   | Killed a greater mummy
 82699 | Zig:15   | Lost dexterity.
 82700 | Zig:15   | Noticed a greater mummy
 82710 | Zig:15   | Killed a greater mummy
 82817 | Zig:15   | Found the +0 sword of Power
 82824 | Zig:15   | Got a coiled bronze ring
 82871 | Zig:15   | Identified the ring "Tiolaben" {rPois rF++ AC+3} (You found
                  | it on level 15 of a ziggurat)
 82876 | Zig:15   | Got a pair of shimmering boots
 82878 | Zig:15   | Identified the +2 pair of boots "Opteirun" {rPois Dex+2}
                  | (You acquired it on level 15 of a ziggurat)
 82880 | Zig:15   | Reached skill level 10 in Hexes
 82882 | Zig:15   | Reached skill level 15 in Ice Magic
 82910 | Zig:16   | Entered Level 16 of a ziggurat
 82917 | Zig:16   | Noticed a juggernaut
 82917 | Zig:16   | Noticed a juggernaut
 82919 | Zig:16   | Killed a juggernaut
 82919 | Zig:16   | Killed a juggernaut
 82922 | Zig:16   | Noticed a juggernaut
 82926 | Zig:16   | Killed a juggernaut
 82926 | Zig:16   | Noticed a juggernaut
 82929 | Zig:16   | Killed a juggernaut
 82929 | Zig:16   | Noticed a juggernaut
 82930 | Zig:16   | Noticed a juggernaut
 82931 | Zig:16   | Killed a juggernaut
 82934 | Zig:16   | Killed a juggernaut
 82967 | Zig:16   | Identified the Handbook of the Floating Snowflakes
 83025 | Zig:16   | Identified the +8 longbow of the Unliving {freeze, +Blink
                  | rC++} (You found it on level 16 of a ziggurat)
 83028 | Zig:16   | Identified the +1 ring mail of the Demon Prince {SInv} (You
                  | found it on level 16 of a ziggurat)
 83035 | Zig:17   | Entered Level 17 of a ziggurat
 83067 | Zig:17   | Reached skill level 15 in Bows
 83087 | Zig:17   | Identified Sif Muna's Compendium of Earth and Protection
 83157 | Zig:18   | Entered Level 18 of a ziggurat
 83274 | Zig:18   | Identified the cursed +0 helmet of Myfecoics {rPois rF+
                  | Regen+} (You found it on level 18 of a ziggurat)
 83281 | Zig:18   | Reached skill level 1 in Throwing
 83286 | Zig:19   | Entered Level 19 of a ziggurat
 83384 | Zig:19   | Identified Sif Muna's Almanac of Ashen Evil Arts
 83409 | Zig:19   | Identified the +3 hat of Divine Intervention {rElec rN++
                  | Int-4} (You acquired it on level 19 of a ziggurat)
 83423 | Zig:19   | Identified the +2 helmet of the Crushed Allies {Int+8
                  | Stlth+} (You found it on level 19 of a ziggurat)
 83439 | Zig:20   | Entered Level 20 of a ziggurat
 83461 | Zig:20   | Reached skill level 15 in Armour
 83496 | Zig:20   | Got a smoking silver ring
 83552 | Zig:20   | Identified the ring "Cail" {rN+ Str+4 Dex+6} (You found it
                  | on level 20 of a ziggurat)
 83554 | Zig:20   | Got a pair of slimy boots
 83558 | Zig:20   | Got a pair of warped boots
 83576 | Zig:20   | Identified the cursed +0 pair of boots "Meps" {rElec MR+}
                  | (You found it on level 20 of a ziggurat)
 83587 | Zig:20   | Identified the +0 pair of boots of the Stars {rElec rF+
                  | Int-2} (You found it on level 20 of a ziggurat)
 83604 | Zig:21   | Entered Level 21 of a ziggurat
 83648 | Zig:21   | Found the ring of Robustness {AC+8}
 83657 | Zig:21   | Identified the Incunabulum of Shape Shifting and
                  | Enchantment
 83728 | Zig:21   | Got a scorched ring mail
 83746 | Zig:21   | Identified the +4 ring mail of Foolhardiness {MR+ SInv}
                  | (You found it on level 21 of a ziggurat)
 83762 | Zig:22   | Entered Level 22 of a ziggurat
 83774 | Zig:22   | Noticed an orb of fire
 83780 | Zig:22   | Killed an orb of fire
 83786 | Zig:22   | Noticed an orb of fire
 83786 | Zig:22   | Noticed an orb of fire
 83790 | Zig:22   | Noticed an orb of fire
 83791 | Zig:22   | Killed an orb of fire
 83791 | Zig:22   | Killed an orb of fire
 83794 | Zig:22   | Killed an orb of fire
 83794 | Zig:22   | Noticed an orb of fire
 83795 | Zig:22   | Noticed an orb of fire
 83795 | Zig:22   | Noticed an orb of fire
 83799 | Zig:22   | Killed an orb of fire
 83799 | Zig:22   | Killed an orb of fire
 83799 | Zig:22   | Noticed an orb of fire
 83799 | Zig:22   | Noticed an orb of fire
 83800 | Zig:22   | Noticed an orb of fire
 83801 | Zig:22   | Killed an orb of fire
 83801 | Zig:22   | Noticed an orb of fire
 83803 | Zig:22   | Gained mutation: Scrolls take you a little longer to read.
                  | [an orb of fire]
 83804 | Zig:22   | Killed an orb of fire
 83804 | Zig:22   | Killed an orb of fire
 83804 | Zig:22   | Killed an orb of fire
 83804 | Zig:22   | Killed an orb of fire
 83804 | Zig:22   | Noticed an orb of fire
 83805 | Zig:22   | Noticed an orb of fire
 83806 | Zig:22   | Noticed an orb of fire
 83809 | Zig:22   | Killed an orb of fire
 83810 | Zig:22   | Killed an orb of fire
 83810 | Zig:22   | Killed an orb of fire
 83812 | Zig:22   | Noticed an orb of fire
 83812 | Zig:22   | Noticed an orb of fire
 83814 | Zig:22   | Noticed an orb of fire
 83816 | Zig:22   | Noticed an orb of fire
 83817 | Zig:22   | Killed an orb of fire
 83818 | Zig:22   | Killed an orb of fire
 83818 | Zig:22   | Killed an orb of fire
 83819 | Zig:22   | Killed an orb of fire
 83846 | Zig:22   | Lost mutation: Scrolls take you a little longer to read.
                  | [potion of mutation]
 83846 | Zig:22   | Lost mutation: Your spells are a little harder to cast, but
                  | a little more powerful. [potion of mutation]
 83846 | Zig:22   | Lost mutation: You are weak. (Str -2) [potion of mutation]
 83846 | Zig:22   | Gained mutation: You can translocate small distances at
                  | will. [potion of mutation]
 83846 | Zig:22   | Gained mutation: You have large cloven feet. [potion of
                  | mutation]
 83846 | Zig:22   | Gained mutation: You expend magic power (3 MP) to
                  | strengthen your wands. [potion of mutation]
 83847 | Zig:22   | Lost mutation: Your mind is acute. (Int +2) [potion of
                  | mutation]
 83847 | Zig:22   | Lost mutation: You can translocate small distances at will.
                  | [potion of mutation]
 83847 | Zig:22   | Lost mutation: You have large cloven feet. [potion of
                  | mutation]
 83847 | Zig:22   | Gained mutation: You are resistant to hostile enchantments.
                  | (MR+) [potion of mutation]
 83847 | Zig:22   | Gained mutation: You are dopey. (Int -2) [potion of
                  | mutation]
 83847 | Zig:22   | Lost mutation: You are dopey. (Int -2) [potion of mutation]
 83848 | Zig:22   | Lost mutation: You are resistant to hostile enchantments.
                  | (MR+) [potion of mutation]
 83848 | Zig:22   | Lost mutation: You expend magic power (3 MP) to strengthen
                  | your wands. [potion of mutation]
 83848 | Zig:22   | Gained mutation: You have sharp toenails. [potion of
                  | mutation]
 83848 | Zig:22   | Gained mutation: Your movements are slightly less
                  | encumbered by armour. (ER -2) [potion of mutation]
 83848 | Zig:22   | Gained mutation: You are agile. (Dex +2) [potion of
                  | mutation]
 83849 | Zig:22   | Lost mutation: You are agile. (Dex +2) [potion of mutation]
 83849 | Zig:22   | Lost mutation: You have sharp toenails. [potion of
                  | mutation]
 83849 | Zig:22   | Gained mutation: Your muscles are strong. (Str +2) [potion
                  | of mutation]
 83849 | Zig:22   | Gained mutation: You evolve. [potion of mutation]
 83849 | Zig:22   | Gained mutation: Your flesh is cold resistant. (rC+)
                  | [potion of mutation]
 83850 | Zig:22   | Lost mutation: Your muscles are strong. (Str +2) [potion of
                  | mutation]
 83850 | Zig:22   | Lost mutation: Your flesh is cold resistant. (rC+) [potion
                  | of mutation]
 83850 | Zig:22   | Lost mutation: You evolve. [potion of mutation]
 83850 | Zig:22   | Lost mutation: Your movements are slightly less encumbered
                  | by armour. (ER -2) [potion of mutation]
 83850 | Zig:22   | Gained mutation: Your natural rate of healing is unusually
                  | fast. [potion of mutation]
 83850 | Zig:22   | Gained mutation: You possess an exceptional clarity of
                  | mind. [potion of mutation]
 83850 | Zig:22   | Gained mutation: Your muscles are strong. (Str +2) [potion
                  | of mutation]
 83911 | Zig:22   | Identified the Guide on Evil Dislocation
 83914 | Zig:22   | Got a steaming brass ring
 83977 | Zig:22   | Identified the ring "Tul Qiepp" {Wiz rElec} (You found it
                  | on level 22 of a ziggurat)
 83983 | Zig:22   | Lost mutation: You possess an exceptional clarity of mind.
                  | [potion of mutation]
 83983 | Zig:22   | Lost mutation: Your muscles are strong. (Str +2) [potion of
                  | mutation]
 83983 | Zig:22   | Lost mutation: Your natural rate of healing is unusually
                  | fast. [potion of mutation]
 83983 | Zig:22   | Gained mutation: You have an increased reservoir of magic.
                  | (+10% MP) [potion of mutation]
 83983 | Zig:22   | Gained mutation: Your muscles are strong. (Str +2) [potion
                  | of mutation]
 83983 | Zig:22   | Gained mutation: You expend magic power (3 MP) to
                  | strengthen your wands. [potion of mutation]
 83988 | Zig:23   | Entered Level 23 of a ziggurat
 84104 | Zig:23   | Got a bound marble ring
 84105 | Zig:23   | Identified the Compendium of Aerial Evil
 84116 | Zig:23   | Identified the Guide on the Boosting Escort
 84162 | Zig:23   | Got a bloodstained helmet
 84167 | Zig:23   | Got a crude chain mail
 84178 | Zig:23   | Identified the +0 helmet "Loareisa" {rCorr} (You acquired
                  | it on level 23 of a ziggurat)
 84188 | Zig:23   | Identified the +3 chain mail of Tooj {rElec rCorr Dex+4}
                  | (You acquired it on level 23 of a ziggurat)
 84211 | Zig:23   | Identified the ring "Urimukk" {rPois Int+4} (You found it
                  | on level 23 of a ziggurat)
 84221 | Zig:24   | Entered Level 24 of a ziggurat
 84285 | Zig:24   | Found the ring of the Octopus King
 84348 | Zig:24   | Got a scintillating bone amulet
 84362 | Zig:24   | Got a slimy bone ring
 84365 | Zig:24   | Got a heavily runed turquoise ring
 84371 | Zig:24   | Identified the amulet "Aduixti" {Acrobat *Slow Dex+4} (You
                  | found it on level 24 of a ziggurat)
 84376 | Zig:24   | Got a ring of the Octopus King
 84475 | Zig:24   | Identified the ring of Hikli {Fire Dex+4} (You found it on
                  | level 24 of a ziggurat)
 84479 | Zig:24   | Identified the ring of Divine Compulsion {*Tele rF+ rN++
                  | Slay+3 SInv} (You found it on level 24 of a ziggurat)
 84489 | Zig:25   | Entered Level 25 of a ziggurat
 84543 | Zig:25   | Lost mutation: Your muscles are strong. (Str +2) [potion of
                  | mutation]
 84543 | Zig:25   | Lost mutation: You expend magic power (3 MP) to strengthen
                  | your wands. [potion of mutation]
 84543 | Zig:25   | Gained mutation: Your flesh is heat resistant. (rF+)
                  | [potion of mutation]
 84543 | Zig:25   | Lost mutation: You have an increased reservoir of magic.
                  | (+10% MP) [potion of mutation]
 84543 | Zig:25   | Gained mutation: You are dopey. (Int -2) [potion of
                  | mutation]
 84543 | Zig:25   | Gained mutation: You have sharp toenails. [potion of
                  | mutation]
 84544 | Zig:25   | Lost mutation: You have sharp toenails. [potion of
                  | mutation]
 84544 | Zig:25   | Lost mutation: You are dopey. (Int -2) [potion of mutation]
 84544 | Zig:25   | Lost mutation: Your flesh is heat resistant. (rF+) [potion
                  | of mutation]
 84544 | Zig:25   | Gained mutation: Your flesh is heat resistant. (rF+)
                  | [potion of mutation]
 84544 | Zig:25   | Lost mutation: Your flesh is heat resistant. (rF+) [potion
                  | of mutation]
 84544 | Zig:25   | Gained mutation: You are partially covered in molten
                  | scales. (AC +2) [potion of mutation]
 84545 | Zig:25   | Lost mutation: You are partially covered in molten scales.
                  | (AC +2) [potion of mutation]
 84545 | Zig:25   | Gained mutation: You can translocate small distances at
                  | will. [potion of mutation]
 84545 | Zig:25   | Gained mutation: You have a pair of small horns on your
                  | head. [potion of mutation]
 84546 | Zig:25   | Lost mutation: You have a pair of small horns on your head.
                  | [potion of mutation]
 84546 | Zig:25   | Lost mutation: You can translocate small distances at will.
                  | [potion of mutation]
 84546 | Zig:25   | Gained mutation: You are weak. (Str -2) [potion of
                  | mutation]
 84546 | Zig:25   | Lost mutation: You are weak. (Str -2) [potion of mutation]
 84546 | Zig:25   | Gained mutation: You have a somewhat thin skeletal
                  | structure. (Dex +2, Stealth) [potion of mutation]
 84547 | Zig:25   | Lost mutation: You have a somewhat thin skeletal structure.
                  | (Dex +2, Stealth) [potion of mutation]
 84547 | Zig:25   | Gained mutation: You are agile. (Dex +2) [potion of
                  | mutation]
 84547 | Zig:25   | Gained mutation: You are partially covered in molten
                  | scales. (AC +2) [potion of mutation]
 84548 | Zig:25   | Lost mutation: You are agile. (Dex +2) [potion of mutation]
 84548 | Zig:25   | Lost mutation: You are partially covered in molten scales.
                  | (AC +2) [potion of mutation]
 84548 | Zig:25   | Gained mutation: Your mind is acute. (Int +2) [potion of
                  | mutation]
 84548 | Zig:25   | Gained mutation: You evolve. [potion of mutation]
 84548 | Zig:25   | Gained mutation: Your body sometimes deteriorates upon
                  | taking damage. [potion of mutation]
 84548 | Zig:25   | Gained mutation: Your muscles are strong. (Str +2) [potion
                  | of mutation]
 84549 | Zig:25   | Lost mutation: Your body sometimes deteriorates upon taking
                  | damage. [potion of mutation]
 84549 | Zig:25   | Lost mutation: You evolve. [potion of mutation]
 84549 | Zig:25   | Lost mutation: Your mind is acute. (Int +2) [potion of
                  | mutation]
 84549 | Zig:25   | Lost mutation: Your muscles are strong. (Str +2) [potion of
                  | mutation]
 84549 | Zig:25   | Gained mutation: You have a pair of small horns on your
                  | head. [potion of mutation]
 84549 | Zig:25   | Gained mutation: Your spells are a little harder to cast,
                  | but a little more powerful. [potion of mutation]
 84584 | Zig:25   | Got a crude jade ring
 84599 | Zig:25   | Identified the Guide on Quantum Snow
 84679 | Zig:25   | Identified the ring "Kattaysull" {Ice Dex+4 SInv Stlth+}
                  | (You found it on level 25 of a ziggurat)
 84686 | Zig:26   | Entered Level 26 of a ziggurat
 84711 | Zig:26   | Reached skill level 5 in Throwing
 84812 | Zig:26   | Found the +12 glaive of Prune {chop}
 84816 | Zig:26   | Identified Adwe Emu's Disquisition on Creative Aid
 84821 | Zig:26   | Identified Suriph's Collected Works on Warped Good Luck
 84829 | Zig:26   | Got a serpentine copper ring
 84840 | Zig:26   | Identified the ring of Ceal {MR+ Str+2 Int+4 Dex-4 SInv}
                  | (You found it on level 26 of a ziggurat)
 84841 | Zig:26   | Identified the +1 storm dragon scales of Gehenna {*Slow
                  | rElec Str+3 Stlth+} (You found it on level 26 of a
                  | ziggurat)
 84846 | Zig:27   | Entered Level 27 of a ziggurat
 84899 | Zig:27   | Gained mutation: Scrolls take you a little longer to read.
                  | [a cacodemon]
 84913 | Zig:27   | Lost mutation: Your spells are a little harder to cast, but
                  | a little more powerful. [potion of mutation]
 84913 | Zig:27   | Lost mutation: You have a pair of small horns on your head.
                  | [potion of mutation]
 84913 | Zig:27   | Lost mutation: Scrolls take you a little longer to read.
                  | [potion of mutation]
 84913 | Zig:27   | Gained mutation: You are dopey. (Int -2) [potion of
                  | mutation]
 84913 | Zig:27   | Gained mutation: You are partially covered in iridescent
                  | scales. (AC +2) [potion of mutation]
 84913 | Zig:27   | Gained mutation: You have a pair of small horns on your
                  | head. [potion of mutation]
 84913 | Zig:27   | Gained mutation: You are robust. (+10% HP) [potion of
                  | mutation]
 84914 | Zig:27   | Lost mutation: You are dopey. (Int -2) [potion of mutation]
 84914 | Zig:27   | Gained mutation: Your spells are a little easier to cast,
                  | but a little less powerful. [potion of mutation]
 84914 | Zig:27   | Gained mutation: You are very robust. (+20% HP) [potion of
                  | mutation]
 84915 | Zig:27   | Lost mutation: You are very robust. (+20% HP) [potion of
                  | mutation]
 84915 | Zig:27   | Lost mutation: You have a pair of small horns on your head.
                  | [potion of mutation]
 84915 | Zig:27   | Lost mutation: You are robust. (+10% HP) [potion of
                  | mutation]
 84915 | Zig:27   | Lost mutation: Your spells are a little easier to cast, but
                  | a little less powerful. [potion of mutation]
 84915 | Zig:27   | Gained mutation: Your mind is acute. (Int +2) [potion of
                  | mutation]
 84915 | Zig:27   | Gained mutation: You expend magic power (3 MP) to
                  | strengthen your wands. [potion of mutation]
 84916 | Zig:27   | Lost mutation: Your mind is acute. (Int +2) [potion of
                  | mutation]
 84916 | Zig:27   | Lost mutation: You are partially covered in iridescent
                  | scales. (AC +2) [potion of mutation]
 84916 | Zig:27   | Lost mutation: You expend magic power (3 MP) to strengthen
                  | your wands. [potion of mutation]
 84916 | Zig:27   | Gained mutation: Scrolls take you a little longer to read.
                  | [potion of mutation]
 84916 | Zig:27   | Gained mutation: You are partially covered in molten
                  | scales. (AC +2) [potion of mutation]
 84917 | Zig:27   | Lost mutation: Scrolls take you a little longer to read.
                  | [potion of mutation]
 84917 | Zig:27   | Lost mutation: You are partially covered in molten scales.
                  | (AC +2) [potion of mutation]
 84917 | Zig:27   | Gained mutation: You have sharp fingernails. [potion of
                  | mutation]
 84917 | Zig:27   | Gained mutation: You possess an exceptional clarity of
                  | mind. [potion of mutation]
 84917 | Zig:27   | Gained mutation: You have a somewhat thin skeletal
                  | structure. (Dex +2, Stealth) [potion of mutation]
 84918 | Zig:27   | Lost mutation: You have a somewhat thin skeletal structure.
                  | (Dex +2, Stealth) [potion of mutation]
 84918 | Zig:27   | Lost mutation: You have sharp fingernails. [potion of
                  | mutation]
 84918 | Zig:27   | Lost mutation: You possess an exceptional clarity of mind.
                  | [potion of mutation]
 84918 | Zig:27   | Gained mutation: Your mind is acute. (Int +2) [potion of
                  | mutation]
 84918 | Zig:27   | Gained mutation: You evolve. [potion of mutation]
 84922 | Zig:27   | Lost mutation: Your mind is acute. (Int +2) [potion of
                  | mutation]
 84922 | Zig:27   | Lost mutation: You evolve. [potion of mutation]
 84922 | Zig:27   | Gained mutation: You have sharp toenails. [potion of
                  | mutation]
 84922 | Zig:27   | Gained mutation: You are somewhat resistant to further
                  | mutation. [potion of mutation]
 84923 | Zig:27   | Lost mutation: You have sharp toenails. [potion of
                  | mutation]
 84923 | Zig:27   | Lost mutation: You are somewhat resistant to further
                  | mutation. [potion of mutation]
 84923 | Zig:27   | Gained mutation: Your mind is acute. (Int +2) [potion of
                  | mutation]
 84923 | Zig:27   | Gained mutation: You have a pair of small antennae on your
                  | head. [potion of mutation]
 84923 | Zig:27   | Gained mutation: Your flesh is cold resistant. (rC+)
                  | [potion of mutation]
 84924 | Zig:27   | Lost mutation: You have a pair of small antennae on your
                  | head. [potion of mutation]
 84924 | Zig:27   | Lost mutation: Your mind is acute. (Int +2) [potion of
                  | mutation]
 84924 | Zig:27   | Gained mutation: You are resistant to hostile enchantments.
                  | (MR+) [potion of mutation]
 84924 | Zig:27   | Gained mutation: Scrolls take you a little longer to read.
                  | [potion of mutation]
 84924 | Zig:27   | Gained mutation: You are somewhat resistant to further
                  | mutation. [potion of mutation]
 84925 | Zig:27   | Lost mutation: Scrolls take you a little longer to read.
                  | [potion of mutation]
 84926 | Zig:27   | Lost mutation: Your flesh is cold resistant. (rC+) [potion
                  | of mutation]
 84926 | Zig:27   | Lost mutation: You are resistant to hostile enchantments.
                  | (MR+) [potion of mutation]
 84926 | Zig:27   | Gained mutation: You have sharp toenails. [potion of
                  | mutation]
 84927 | Zig:27   | Lost mutation: You are somewhat resistant to further
                  | mutation. [potion of mutation]
 84927 | Zig:27   | Lost mutation: You have sharp toenails. [potion of
                  | mutation]
 84927 | Zig:27   | Gained mutation: You occasionally shout uncontrollably at
                  | your foes. [potion of mutation]
 84927 | Zig:27   | Gained mutation: You evolve. [potion of mutation]
 84927 | Zig:27   | Gained mutation: Your spells are a little easier to cast,
                  | but a little less powerful. [potion of mutation]
 84927 | Zig:27   | Gained mutation: You passively map a small area around you.
                  | [potion of mutation]
 84928 | Zig:27   | Lost mutation: You evolve. [potion of mutation]
 84928 | Zig:27   | Lost mutation: You passively map a small area around you.
                  | [potion of mutation]
 84928 | Zig:27   | Gained mutation: You are partially covered in slimy green
                  | scales. (AC +2) [potion of mutation]
 84928 | Zig:27   | Gained mutation: You are mostly covered in slimy green
                  | scales. (AC +3) [potion of mutation]
 84928 | Zig:27   | Gained mutation: You expend magic power (3 MP) to
                  | strengthen your wands. [potion of mutation]
 84929 | Zig:27   | Lost mutation: Your spells are a little easier to cast, but
                  | a little less powerful. [potion of mutation]
 84929 | Zig:27   | Lost mutation: You occasionally shout uncontrollably at
                  | your foes. [potion of mutation]
 84929 | Zig:27   | Gained mutation: Your mind is acute. (Int +2) [potion of
                  | mutation]
 84929 | Zig:27   | Gained mutation: You can translocate small distances at
                  | will. [potion of mutation]
 84929 | Zig:27   | Gained mutation: Your natural rate of healing is unusually
                  | fast. [potion of mutation]
 85031 | Zig:27   | Identified the Compendium of Translocation and Clay
 85036 | Zig:27   | Got a brightly glowing lapis lazuli ring
 85039 | Zig:27   | Identified the Grimoire of the Frostbite
 85065 | Zig:27   | Identified the ring of the Marlin {rPois rC- Str+3 Int+5}
                  | (You found it on level 27 of a ziggurat)
 85066 | Zig:27   | Identified the +2 robe of Kikubaaqudgha's Regard {rF-
                  | Dex+4} (You found it on level 27 of a ziggurat)
 85069 | Zig:27   | Identified the +0 chain mail "Nuynas" {rElec Str+7} (You
                  | found it on level 27 of a ziggurat)
 85105 | Zig:1    | Entered Level 1 of a ziggurat
 85128 | Zig:2    | Entered Level 2 of a ziggurat
 85145 | Zig:3    | Entered Level 3 of a ziggurat
 85174 | Zig:4    | Entered Level 4 of a ziggurat
 85176 | Zig:4    | Reached skill level 10 in Throwing
 85201 | Zig:4    | Identified the cursed +0 longbow "Giant's Peril" {freeze,
                  | +Fly MP-9 Dex+8} (You found it on level 4 of a ziggurat)
 85210 | Zig:5    | Entered Level 5 of a ziggurat
 85246 | Zig:6    | Entered Level 6 of a ziggurat
 85275 | Zig:6    | Got a transparent steel ring
 85280 | Zig:6    | Identified the ring of the Traitor {rF+ MR+ MP+9 Str+6
                  | Stlth+} (You found it on level 6 of a ziggurat)
 85287 | Zig:7    | Entered Level 7 of a ziggurat
 85311 | Zig:7    | Identified Dagioc's Incunabulum of the Cankerous Birds
 85329 | Zig:8    | Entered Level 8 of a ziggurat
 85354 | Zig:8    | Found the +4 moon troll leather armour {Spirit, Regen++
                  | MP+5}
 85371 | Zig:8    | Got a vibrating platinum ring
 85377 | Zig:8    | Got a faintly glowing tin ring
 85405 | Zig:8    | Identified the ring of the Swan {rElec rPois MR+ Str+4
                  | Dex-4} (You found it on level 8 of a ziggurat)
 85408 | Zig:8    | Identified the cursed ring of the Locust {Str-3 Dex+3} (You
                  | found it on level 8 of a ziggurat)
 85417 | Zig:9    | Entered Level 9 of a ziggurat
 85431 | Zig:9    | Noticed an ancient lich
 85432 | Zig:9    | Killed an ancient lich
 85451 | Zig:9    | Identified Pievoipp's Volume of Helpful Necromancy
 85468 | Zig:10   | Entered Level 10 of a ziggurat
 85475 | Zig:10   | Noticed an ancient lich
 85476 | Zig:10   | Noticed an ancient lich
 85477 | Zig:10   | Killed an ancient lich
 85477 | Zig:10   | Killed an ancient lich
 85546 | Zig:11   | Entered Level 11 of a ziggurat
 85596 | Zig:11   | Identified the Grimoire of Virous Earth
 85608 | Zig:11   | Got a faintly glowing copper ring
 85610 | Zig:11   | Got a fine golden ring
 85622 | Zig:11   | Identified the ring of Bicifipp {rPois rF+} (You found it
                  | on level 11 of a ziggurat)
 85624 | Zig:11   | Identified the ring of Xuuxzutt {rPois rC+++ MR+++ Dex-4}
                  | (You found it on level 11 of a ziggurat)
 85633 | Zig:12   | Entered Level 12 of a ziggurat
 85680 | Zig:12   | Identified Tyisadaz's Papyrus of Captivating Earth
 85709 | Zig:13   | Entered Level 13 of a ziggurat
 85715 | Zig:13   | Noticed an ancient lich
 85716 | Zig:13   | Noticed an ancient lich
 85717 | Zig:13   | Noticed an ancient lich
 85717 | Zig:13   | Killed an ancient lich
 85718 | Zig:13   | Killed an ancient lich
 85718 | Zig:13   | Killed an ancient lich
 85720 | Zig:13   | Noticed an ancient lich
 85721 | Zig:13   | Killed an ancient lich
 85722 | Zig:13   | Noticed an ancient lich
 85723 | Zig:13   | Killed an ancient lich
 85723 | Zig:13   | Noticed an ancient lich
 85726 | Zig:13   | Killed an ancient lich
 85813 | Zig:14   | Entered Level 14 of a ziggurat
 85835 | Zig:14   | Reached skill level 15 in Throwing
 85922 | Zig:14   | Identified the Reference Book on the Assistive Blaze
 85935 | Zig:15   | Entered Level 15 of a ziggurat
 85992 | Zig:15   | Identified the Compendium of Ensnaring Companions
 85996 | Zig:15   | Identified the Volume of Combat Magic
 86022 | Zig:15   | Identified the +4 leather armour of Jutofib {*Contam rPois
                  | Str+3 Stlth+} (You found it on level 15 of a ziggurat)
 86033 | Zig:16   | Entered Level 16 of a ziggurat
 86049 | Zig:16   | Noticed Loga the pandemonium lord
 86052 | Zig:16   | Killed Loga the pandemonium lord
 86104 | Zig:16   | Got a fine platinum ring
 86114 | Zig:16   | Identified the Collected Works on Boosting Feathers
 86133 | Zig:16   | Identified the ring "Tanuibom" {Fire Int+7} (You found it
                  | on level 16 of a ziggurat)
 86134 | Zig:16   | Identified the +3 ring mail "Ygrynoell" {*Slow Int+3 Dex+4
                  | Slay+3} (You found it on level 16 of a ziggurat)
 86145 | Zig:17   | Entered Level 17 of a ziggurat
 86149 | Zig:17   | Noticed a greater mummy
 86150 | Zig:17   | Noticed a greater mummy
 86150 | Zig:17   | Noticed a greater mummy
 86151 | Zig:17   | Killed a greater mummy
 86151 | Zig:17   | Noticed a greater mummy
 86152 | Zig:17   | Noticed a greater mummy
 86153 | Zig:17   | Noticed a greater mummy
 86153 | Zig:17   | Noticed a greater mummy
 86153 | Zig:17   | Noticed a greater mummy
 86153 | Zig:17   | Noticed a greater mummy
 86154 | Zig:17   | Noticed a greater mummy
 86154 | Zig:17   | Noticed a greater mummy
 86154 | Zig:17   | Noticed a greater mummy
 86154 | Zig:17   | Noticed a greater mummy
 86156 | Zig:17   | Killed from afar by a mummy priest

Skill      XL: |  1  2  3  4  5  6  7  8  9 10 11 12 13 14 15 16 17 18 19 20 21 22 23 24 25 26 27 |
---------------+----------------------------------------------------------------------------------+-----
Earth Magic    | 4 5 6 7 9 11 12 13 15 16 17 18 19 20 21 22 24 25 26 27 | 27.0
Dodging        | 2 3 4 5 22 | 22.6
Spellcasting   | 3 4 5 7 8 10 11 12 13 14 15 16 17 18 19 20 21 22 23 27 | 27.0
Stealth        | 3 4 5 26 | 26.1
Conjurations   | 2 3 4 5 6 8 9 10 11 12 13 14 15 27 | 27.0
Fighting       | 1 3 6 7 9 11 12 13 14 15 16 17 18 19 27 | 27.0
Polearms       | 1 2 3 |  3.4
Armour         | 1 2 3 21 | 21.8
Necromancy     | 1 3 4 20 | 20.6
Fire Magic     | 1 3 6 7 8 9 11 12 13 27 | 27.0
Shields        | 4 6 7 24 | 24.3
Transmutations | 1 2 12 | 12.7
Bows           | 21 | 21.4
Hexes          | 12 | 12.9
Charms         | 22 | 22.7
Translocations | 19 | 19.4
Ice Magic      | 19 | 19.7
Evocations     | 16 | 16.6
Air Magic      | 23 | 23.9
Staves         | 16 | 16.9
Throwing       | 16 | 16.2
Short Blades   | |  0.8
Unarmed Combat | |  0.1

Action                   |  1- 3 |  4- 6 |  7- 9 | 10-12 | 13-15 | 16-18 | 19-21 | 22-24 | 25-27 || total
-------------------------+-------+-------+-------+-------+-------+-------+-------+-------+-------++-------
Melee: Unarmed           |    19 |       |       |       |       |       |       |       |       ||    19
       Dagger            |     2 |    25 |    15 |       |       |       |       |       |       ||    42
       Spear             |       |       |       |    99 |   130 |    82 |       |       |       ||   311
       Punch             |       |       |       |       |     1 |       |       |       |       ||     1
       Staff             |       |       |       |       |       |     6 |    33 |     9 |     2 ||    50
 Fire: Longbow           |       |       |       |       |       |       |       |     3 |       ||     3
 Cast: Sandblast         |    40 |    58 |   108 |   131 |   192 |    55 |     6 |    19 |    17 ||   626
       Stone Arrow       |     2 |       |    14 |    40 |   113 |    15 |     5 |     6 |     9 ||   204
       Lee's Rapid Decon |       |     1 |    10 |    84 |   308 |    80 |    25 |    15 |    55 ||   578
       Bolt of Magma     |       |       |       |       |    24 |     5 |     6 |       |       ||    35
       Borgnjor's Vile C |       |       |       |       |    47 |   115 |     1 |       |     8 ||   171
       Iron Shot         |       |       |       |       |    13 |    91 |    68 |    67 |    21 ||   260
       Irradiate         |       |       |       |       |     5 |    28 |    12 |    20 |    25 ||    90
       Regeneration      |       |       |       |       |       |     1 |     2 |     2 |    78 ||    83
       Shatter           |       |       |       |       |       |    45 |   192 |   193 |  1115 ||  1545
       Lehudib's Crystal |       |       |       |       |       |       |       |       |   113 ||   113
       Fire Storm        |       |       |       |       |       |       |       |       |   750 ||   750
       Glaciate          |       |       |       |       |       |       |       |       |    32 ||    32
       Portal Projectile |       |       |       |       |       |       |       |       |    24 ||    24
       Deflect Missiles  |       |       |       |       |       |       |       |       |     4 ||     4
 Abil: Fly               |       |       |       |       |     1 |       |       |       |       ||     1
       Evoke Blink       |       |       |       |       |       |       |       |       |     9 ||     9
       Cancel Portal Pro |       |       |       |       |       |       |       |       |     1 ||     1
Evoke: Wand              |       |       |       |       |     3 |       |       |       |       ||     3
       Figurine of a zig |       |       |       |       |       |       |       |       |     4 ||     4
  Use: Scroll            |     6 |     2 |     5 |    11 |    21 |    13 |    11 |    17 |   144 ||   230
       Potion            |       |     1 |       |     3 |     4 |     1 |       |     1 |   115 ||   125
 Stab: Sleeping          |       |       |       |     3 |       |     1 |       |       |       ||     4
       Distracted        |       |       |       |     1 |       |       |       |       |       ||     1
  Eat: Chunk             |       |     5 |    13 |     7 |    27 |    15 |    45 |    24 |    21 ||   157
       Ration            |       |       |       |     7 |     7 |    11 |    14 |    12 |    33 ||    84
Armor: Robe              |    12 |    17 |    19 |    17 |    22 |   154 |    75 |    50 |   215 ||   581
       Troll leather arm |       |       |       |    58 |   121 |       |       |       |       ||   179
Dodge: Dodged            |    28 |    39 |    37 |   115 |   174 |   181 |    59 |    37 |   231 ||   901
       Deflected         |       |       |       |       |       |       |       |       |    86 ||    86
Block: Buckler           |       |       |       |       |       |    92 |    33 |    36 |   146 ||   307
       Reflection        |       |       |       |       |       |    14 |     4 |       |       ||    18
